 Dungeon Crawl Stone Soup version 0.30.1-4-g462c640d31 (webtiles) character file.

Game seed: 7696682488058967870

15786197 engelados the Annihilator (level 27, 249/249 HPs)
             Began as a Demonspawn Conjurer on Aug 16, 2023.
             Was the Champion of Vehumet.
             Escaped with the Orb
             ... and 15 runes on Aug 23, 2023!
             The game lasted 08:26:32 (99546 turns).

engelados the Annihilator (Demonspawn Conjurer)    Turns: 99546, Time: 08:26:32

Health: 249/249    AC: 13    Str:  2      XL:     27
Magic:  32/63      EV: 22    Int: 56 (57) God:    Vehumet [******]
Gold:   15715      SH: 11    Dex: 19      Spells: 28/80 levels left

rFire   + + +        v - staff of earth "Onged" {rN+ Int+8 Dex-2 Stlth+}
rCold   + . .        C - +3 buckler {reflect}
rNeg    + + .        O - +3 leather armour of a treasure trove {rF+ Int+4}
rPois   +            M - -2 hat of the Alchemist {rElec rPois rF+ rC+ rN+ Will+ rMut rCorr}
rElec   +            U - +2 cloak {rCorr}
rCorr   +            r - +3 pair of gauntlets of War {Slay+5}
SInv    +            (boots unavailable)
Will    ++++.        R - amulet "Uxkoemmi" {RegenMP Int+2}
Stlth   ++           E - ring of Activism {rF+ Str-3 Int+10 SInv}
HPRegen 3.61/turn    Z - ring "Veneg" {rPois MP+9 Str-2 Int+2}
MPRegen 0.78/turn

%: reflection, resist mutation
@: studying 7 skills
A: hooves 3, thin skeletal structure 3, hurl damnation, icemail 2, powered by
death 3, torment resistance 1, condensation shield, demonic willpower, screaming
2
0: Orb of Zot
}: 15/15 runes: barnacled, slimy, silver, golden, iron, obsidian, icy, bone,
abyssal, demonic, glowing, magical, fiery, dark, gossamer
a: Hurl Damnation, Renounce Religion


You escaped.
You worshipped Vehumet.
Vehumet was exalted by your worship.
You visited 17 branches of the dungeon, and saw 86 of its levels.
You visited Pandemonium 1 time, and saw 15 of its levels.
You visited the Abyss 2 times.
You visited 2 ziggurats, and saw 31 of their levels (deepest: 16).
You also visited: Sewer, Ice Cave, Volcano and Wizlab.

You collected 19089 gold pieces.
You spent 3374 gold pieces at shops.

Inventory:

Hand Weapons
 m - the +13 sceptre of Asmodeus
   (You took it off Asmodeus on level 7 of Gehenna)

   Fire Summon: It may summon demons of flame and damnation when striking foes.
Armour
 n - the orb of the Neverending Knaves {guile, MP+9 Str+3}
   (You took it off Antaeus on level 7 of Cocytus)

   Str:       It affects your strength (+3).
   MP:        It affects your magic capacity (+9).
 r - the +3 pair of gauntlets of War (worn) {Slay+5}
   (You found it on level 3 of the Tomb of the Ancients)

   Slay:      It affects your accuracy & damage with ranged weapons and melee
   (+5).
 u - the +18 shield of the Gong {Loud rN+ Will+ rCorr EV-5}
   (You found it on level 1 of the Lair of Beasts)

   Loud:      It is deafeningly noisy when blocking attacks.
   EV:        It affects your evasion (-5).
   rN:        It protects you from negative energy.
   rCorr:     It protects you from acid and corrosion.
   Will:      It increases your willpower.
 C - a +3 buckler of reflection (worn)
 F - the +5 robe of Night {Dark Will+ SInv}
   (You found it on level 3 of the Tomb of the Ancients)

   Dark:      It shrouds the wearer in darkness, reducing the range at which
   they can see and be seen by others.
   SInv:      It lets you see invisible.
   Will:      It increases your willpower.
 M - the -2 hat of the Alchemist (worn) {rElec rPois rF+ rC+ rN+ Will+ rMut rCorr}
   (You found it in a wizard's laboratory)

   rF:        It protects you from fire.
   rC:        It protects you from cold.
   rElec:     It insulates you from electricity.
   rPois:     It protects you from poison.
   rN:        It protects you from negative energy.
   rCorr:     It protects you from acid and corrosion.
   rMut:      It protects you from mutation.
   Will:      It increases your willpower.
 O - the +3 leather armour of a treasure trove (worn) {rF+ Int+4}
   (You found it on level 9 of the Dungeon)

   Int:       It affects your intelligence (+4).
   rF:        It protects you from fire.
 U - a +2 cloak of preservation (worn)
Magical Staves
 v - the staff of earth "Onged" (weapon) {rN+ Int+8 Dex-2 Stlth+}
   (You found it on level 3 of the Lair of Beasts)

   [staff of earth]

   Base accuracy: +5 Base damage: 5 Base attack delay: 1.2 This weapon's minimum
   attack delay (0.6) is reached at skill level 12.
   Int:       It affects your intelligence (+8).
   Dex:       It affects your dexterity (-2).
   rN:        It protects you from negative energy.
   Stlth:     It makes you more stealthy.
   It falls into the 'Staves' category.
   It is a one-handed weapon.
 Y - the staff of fire "Wed Pari" {*Corrode Fly rF+ Dex+3 SInv}
   (You took it off a deep elf high priest on level 3 of the Elven Halls)

   [staff of fire]

   Base accuracy: +5 Base damage: 5 Base attack delay: 1.2 This weapon's minimum
   attack delay (0.6) is reached at skill level 12.
   Dex:       It affects your dexterity (+3).
   rF:        It protects you from fire.
   SInv:      It lets you see invisible.
   Fly:       It grants you flight.
   *Corrode:  It may corrode you when you take damage.
   It falls into the 'Staves' category.
   It is a one-handed weapon.
Jewellery
 b - the ring of the Seven Ultimatums {rPois rF++ rCorr Dex-2}
   (You took it off an orc knight on level 5 of the Vaults)

   [ring of resist corrosion]

   Dex:       It affects your dexterity (-2).
   rF:        It greatly protects you from fire.
   rPois:     It protects you from poison.
   rCorr:     It protects you from acid and corrosion.
 d - the ring "Udghonk" {rC+ Str+5 Dex+6}
   (You found it on level 8 of a ziggurat)

   [ring of dexterity]

   Str:       It affects your strength (+5).
   Dex:       It affects your dexterity (+6).
   rC:        It protects you from cold.
 j - the ring of Dino {Fire rPois rCorr Dex-2 SInv}
   (You found it on level 1 of the Lair of Beasts)

   [ring of fire]

   It enhances your fire magic.
   Dex:       It affects your dexterity (-2).
   rF:        It protects you from fire.
   rC:        It makes you vulnerable to cold.
   rPois:     It protects you from poison.
   SInv:      It lets you see invisible.
   rCorr:     It protects you from acid and corrosion.
 o - the ring of the Two Names {rElec rN++ Will+ Slay+4}
   (You took it off a balrug in Pandemonium)

   [ring of slaying]

   Slay:      It affects your accuracy & damage with ranged weapons and melee
   (+4).
   rElec:     It insulates you from electricity.
   rN:        It greatly protects you from negative energy.
   Will:      It increases your willpower.
 q - the ring "Amnoleor" {Fly rElec MP+9 Slay+4 Stlth-}
   (You found it on level 11 of a ziggurat)

   [ring of flight]

   Slay:      It affects your accuracy & damage with ranged weapons and melee
   (+4).
   rElec:     It insulates you from electricity.
   MP:        It affects your magic capacity (+9).
   Fly:       It grants you flight.
   Stlth:     It makes you less stealthy.
 E - the ring of Activism (left hand) {rF+ Str-3 Int+10 SInv}
   (You found it on level 1 of the Realm of Zot)

   [ring of protection from fire]

   Str:       It affects your strength (-3).
   Int:       It affects your intelligence (+10).
   rF:        It protects you from fire.
   SInv:      It lets you see invisible.
 G - the ring of Def Weikh {rN++ AC+4 Str-3 Dex+2}
   (You found it on level 14 of a ziggurat)

   [ring of protection]

   AC:        It affects your AC (+4).
   Str:       It affects your strength (-3).
   Dex:       It affects your dexterity (+2).
   rN:        It greatly protects you from negative energy.
 J - the amulet "Neigyfekh" {Faith Rampage MP-9 Dex+6 Stlth+}
   (You found it on level 13 of a ziggurat)

   [amulet of faith]

   It allows you to gain divine favour quickly.
   Dex:       It affects your dexterity (+6).
   MP:        It affects your magic capacity (-9).
   Rampage:   It bestows one free step when moving towards enemies.
   Stlth:     It makes you more stealthy.
 N - the ring of Bifatuok {Contam MP+9 Str+3 Int+6}
   (You found it on level 13 of a ziggurat)

   [ring of intelligence]

   Str:       It affects your strength (+3).
   Int:       It affects your intelligence (+6).
   MP:        It affects your magic capacity (+9).
   Contam:    It causes magical contamination when unequipped.
 Q - the ring of Ivaruel {rElec rC+ rCorr SInv}
   (You found it on level 15 of a ziggurat)

   [ring of resist corrosion]

   rC:        It protects you from cold.
   rElec:     It insulates you from electricity.
   SInv:      It lets you see invisible.
   rCorr:     It protects you from acid and corrosion.
 R - the amulet "Uxkoemmi" (around neck) {RegenMP Int+2}
   (You found it on level 9 of the Dungeon)

   [amulet of magic regeneration]

   It increases your rate of magic regeneration.
   Int:       It affects your intelligence (+2).
 X - the ring "Kewop" {rC+++ MP+9 Str+5 Stlth-}
   (You found it on level 7 of a ziggurat)

   [ring of magical power]

   Str:       It affects your strength (+5).
   rC:        It renders you almost immune to cold.
   MP:        It affects your magic capacity (+9).
   Stlth:     It makes you less stealthy.
 Z - the ring "Veneg" (right hand) {rPois MP+9 Str-2 Int+2}
   (You took it off a deep elf high priest on level 3 of the Elven Halls)

   [ring of magical power]

   Str:       It affects your strength (-2).
   Int:       It affects your intelligence (+2).
   rPois:     It protects you from poison.
   MP:        It affects your magic capacity (+9).
Wands
 f - a wand of light (81)
 t - a wand of iceblast (93)
 y - a wand of charming (5)
 H - a wand of polymorph (6)
 I - a wand of flame (20)
 L - a wand of mindburst (83)
 T - a wand of digging (29)
Scrolls
 c - 11 scrolls of enchant armour
 g - a scroll of magic mapping
 k - 6 scrolls of summoning
 p - 31 scrolls of teleportation
 s - 16 scrolls of amnesia
 A - 3 scrolls of blinking
 D - a scroll of fear
 K - 16 scrolls of fog
Potions
 a - 5 potions of invisibility
 e - 10 potions of haste
 h - 35 potions of mutation
 i - 42 potions of curing
 w - 7 potions of heal wounds
 x - 12 potions of brilliance
 z - 9 potions of resistance
 B - 6 potions of cancellation
 S - 3 potions of magic
 W - 2 potions of flight
Miscellaneous
 l - a lightning rod (4/4)


   Skills:
 O Level 27 Fighting
 + Level 11.8 Staves
 + Level 10.5 Armour
 + Level 23.3 Dodging
 - Level 1.7 Stealth
 + Level 14.9 Shields
 O Level 27 Spellcasting
 O Level 27 Conjurations
 - Level 8.1 Translocations
 + Level 24.4 Fire Magic
 - Level 18.3 Ice Magic
 + Level 24.3 Earth Magic


You had 28 spell levels left.
You knew the following spells:

 Your Spells              Type           Power      Damage    Failure   Level
a - Magic Dart            Conj           100%       1d8       0%          1
b - Iskenderun's Mystic   Conj/Tloc      100%       2d19      0%          4
c - Fireball              Conj/Fire      76%        3d28      0%          5
d - Orb of Destruction    Conj           77%        9d17      0%          7
e - Fire Storm            Conj/Fire      76%        8d19      1%          9
f - Polar Vortex          Ice            68%        N/A       4%          9
g - Shatter               Erth           87%        3d63*     1%          9
h - Lehudib's Crystal Sp  Conj/Erth      89%        10d20     1%          8

Your spell library contained the following spells:

 Spells                   Type           Power      Damage    Failure   Level
 Apportation              Tloc           100%       N/A       0%          1
 Foxfire                  Conj/Fire      100%       2x1d9     0%          1
 Freeze                   Ice            100%       1d10      0%          1
 Kiss of Death            Conj/Necr      100%       2d13      0%          1
 Sandblast                Erth           100%       2d20      0%          1
 Shock                    Conj/Air       100%       1d9       0%          1
 Blink                    Tloc           100%       N/A       0%          2
 Ensorcelled Hibernation  Hex/Ice        100%       N/A       0%          2
 Lesser Beckoning         Tloc           100%       N/A       0%          2
 Momentum Strike          Conj/Tloc      100%       3d10      0%          2
 Scorch                   Fire           100%       2d9       0%          2
 Searing Ray              Conj           100%       2d8       0%          2
 Static Discharge         Conj/Air       100%       2-7/arc   0%          2
 Dazzling Flash           Conj/Hex       100%       N/A       0%          3
 Frozen Ramparts          Ice            100%       1d16      0%          3
 Hailstorm                Conj/Ice       100%       3d20      0%          3
 Inner Flame              Hex/Fire       100%       N/A       0%          3
 Mephitic Cloud           Conj/Pois/Air  100%       N/A       0%          3
 Ozocubu's Armour         Ice            100%       N/A       0%          3
 Stone Arrow              Conj/Erth      100%       3d13      0%          3
 Volatile Blastmotes      Fire/Tloc      100%       2d18      0%          3
 Flame Wave               Conj/Fire      100%       2d21      0%          4
 Fulminant Prism          Conj/Hex       61%        3d26      0%          4
 Sticky Flame             Conj/Fire      100%       2d11      0%          4
 Freezing Cloud           Conj/Ice/Air   64%        6-21      0%          5
 Iskenderun's Battlesphe  Conj           100%       2d15      0%          5
 Lee's Rapid Deconstruct  Erth           87%        3d39*     0%          5
 Iron Shot                Conj/Erth      89%        9d16      0%          6
 Starburst                Conj/Fire      76%        6d19      0%          6
 Beastly Appendage        Tmut           100%       N/A       1%          1
 Sting                    Tmut/Pois      100%       1d8       1%          1
 Summon Small Mammal      Summ           100%       N/A       1%          1
 Call Imp                 Summ           100%       N/A       1%          2
 Poisonous Vapours        Pois/Air       100%       N/A       1%          2
 Sublimation of Blood     Necr           66%        N/A       1%          2
 Wereblood                Tmut           66%        N/A       1%          2
 Call Canine Familiar     Summ           66%        N/A       1%          3
 Confusing Touch          Hex            66%        N/A       1%          3
 Gell's Gravitas          Tloc           100%       N/A       1%          3
 Ignite Poison            Fire/Tmut/Pois 100%       N/A       1%          3
 Portal Projectile        Hex/Tloc       100%       N/A       1%          3
 Spider Form              Tmut/Pois      66%        N/A       1%          3
 Summon Guardian Golem    Hex/Summ       66%        N/A       1%          3
 Swiftness                Air            66%        N/A       1%          3
 Teleport Other           Tloc           100%       N/A       1%          3
 Tukima's Dance           Hex            66%        N/A       1%          3
 Vampiric Draining        Necr           66%        2d10      1%          3
 Vhi's Electric Charge    Tloc/Air       100%       N/A       1%          3
 Airstrike                Air            33%        2d(5-21)  1%          4
 Animate Armour           Summ/Erth      100%       N/A       1%          4
 Ice Form                 Ice/Tmut       100%       N/A       1%          4
 Leda's Liquefaction      Hex/Erth       72%        N/A       1%          4
 Manifold Assault         Tloc           100%       N/A       1%          4
 Olgreb's Toxic Radiance  Pois           66%        N/A       1%          4
 Petrify                  Tmut/Erth      100%       N/A       1%          4
 Arcjolt                  Conj/Air       61%        1d71      1%          5
 Borgnjor's Vile Clutch   Necr/Erth      72%        N/A       1%          5
 Irradiate                Conj/Tmut      61%        3d32      1%          5
 Metabolic Englaciation   Hex/Ice        54%        N/A       1%          5
 Summon Forest            Summ/Tloc      44%        N/A       1%          5
 Conjure Ball Lightning   Conj/Air       61%        3x3d22    1%          6
 Dispersal                Tloc           52%        N/A       1%          6
 Plasma Beam              Fire/Air       59%        2x1d82    1%          6
 Simulacrum               Ice/Necr       54%        N/A       1%          6
 Statue Form              Tmut/Erth      96%        N/A       1%          6
 Ozocubu's Refrigeration  Ice            68%        4d22      1%          7
 Spellforged Servitor     Conj/Summ      61%        N/A       1%          7
 Ignition                 Fire           74%        3d19      1%          8
 Anguish                  Hex/Necr       33%        N/A       2%          4
 Animate Dead             Necr           66%        N/A       2%          4
 Cause Fear               Hex            33%        N/A       2%          4
 Dispel Undead            Necr           66%        3d23      2%          4
 Summon Lightning Spire   Summ/Air       66%        N/A       2%          4
 Yara's Violent Unravell  Hex/Tmut       33%        3d14      2%          5
 Agony                    Necr           66%        N/A       8%          5
 Alistair's Intoxication  Tmut/Pois      44%        N/A       8%          5
 Blade Hands              Tmut           33%        N/A       8%          5
 Silence                  Hex/Air        33%        N/A       8%          5
 Summon Mana Viper        Hex/Summ       66%        N/A       8%          5
 Eringya's Noxious Bog    Tmut/Pois      33%        N/A       12%         6
 Chain Lightning          Conj/Air       61%        3d82      28%         9
 Death Channel            Necr           33%        N/A       41%         6
 Summon Cactus Giant      Summ           33%        N/A       41%         6
 Malign Gateway           Summ/Tloc      44%        N/A       41%         7
 Disjunction              Tloc           52%        N/A       54%         8
 Dragon Form              Tmut           33%        N/A       94%         7
 Enfeeble                 Hex            33%        N/A       94%         7
 Haunt                    Necr/Summ      33%        N/A       94%         7
 Storm Form               Tmut/Air       33%        N/A       94%         7
 Summon Hydra             Summ           33%        N/A       94%         7
 Maxwell's Capacitive Co  Air            33%        ∞         98%         8
 Borgnjor's Revivificati  Necr           33%        N/A       100%        8
 Discord                  Hex            33%        N/A       100%        8
 Infestation              Necr           33%        N/A       100%        8
 Necromutation            Tmut/Necr      33%        N/A       100%        8
 Summon Horrible Things   Summ           33%        N/A       100%        8
 Death's Door             Necr           33%        N/A       100%        9
 Dragon's Call            Summ           33%        N/A       100%        9


Dungeon Overview and Level Annotations

Branches:
Dungeon (15/15)            Temple (0/1) D:6            Lair (5/5) D:11
 Shoals (4/4) Lair:2       Spider (4/4) Lair:3        Slime (5/5) Lair:4
    Orc (2/2) D:12            Elf (3/3) Orc:2        Vaults (5/5) D:13
  Crypt (3/3) Vaults:3       Tomb (3/3) Crypt:3      Depths (4/4) D:15
   Hell (visited)             Dis (7/7) Hell            Geh (7/7) Hell
    Coc (7/7) Hell            Tar (7/7) Hell            Zot (5/5) Depths:4
  Sewer (visited)           IceCv (visited)         Volcano (visited)
 WizLab (visited)

Altars:
Ashenzari
Cheibriados
Fedhas
Gozag
Hepliaklqana
Kikubaaqudgha
Makhleb
Nemelex Xobeh
Qazlal
Trog
Uskayaw
Vehumet
Wu Jian
Xom
Yredelemnul
Jiyva
Lugonu

Shops:
D:3 ?   D:9 =   Orc:2 *!(?   Elf:1 (   Elf:2 ?   Shoals:1 [   Vaults:2 :
Vaults:4 *

Portals:
Hell: Depths:1 Depths:2 Depths:3 Depths:4
Abyss: Depths:3
Pandemonium: Depths:1 Depths:2

Annotations:
D:7 2 transporters, aeroqp's ghost, novice VSCj
D:8 2 transporters, dracomuter's ghost, novice TrCK
D:11 3 runed translucent doors, TangoThomas's ghost, journeyman DsRe
Lair:5 3 runed translucent doors, Voland's ghost, journeyman TeAE
Depths:4 6 transporters
Dis:6 27 runed doors


Innate Abilities, Weirdness & Mutations

You have hooves in place of feet.
You have an unnaturally thin skeletal structure. (Dex +6, Stealth+++)
You can hurl damnation.
A meltable icy envelope protects you from harm. (AC +0)
You regenerate a lot of health from kills.
You are resistant to unholy torment.
A meltable shield of frost defends you. (SH +0)
You punish those that try to bend your will. (Will+)
You frequently scream uncontrollably at your foes.


Message History

Casting: Shatter (mildly dangerous; 1% risk of failure)
Confirm with . or Enter, or press ? or * to list all spells.
You feel a surge of power!
The dungeon rumbles!
You kill Pugeschuma!
Vehumet accepts your kill.
You feel your power returning.
Ka-crash!
You feel your intelligence returning.
A neqoxec comes into view.
Casting: Shatter (mildly dangerous; 1% risk of failure)
Confirm with . or Enter, or press ? or * to list all spells.
You feel a surge of power!
The dungeon rumbles!
The neqoxec is moderately wounded.
Ka-crash!
Unknown command.
Casting: Shatter (mildly dangerous; 1% risk of failure)
Confirm with . or Enter, or press ? or * to list all spells.
You feel a surge of power!
The dungeon rumbles!
You kill the neqoxec!
Vehumet accepts your kill.
You feel your power returning.
Ka-crash!
A Tzitzimitl comes into view.
Casting: Shatter (mildly dangerous; 1% risk of failure)
Confirm with . or Enter, or press ? or * to list all spells.
Aiming: Fire Storm (mildly dangerous; 1% risk of failure)
Press: ? - help, Dir - move target, f - Tzitzimitl
Aim: a Tzitzimitl A raging storm of fire appears!
The great blast of fire engulfs the Tzitzimitl!!!!
You kill the Tzitzimitl!
Vehumet accepts your kill.
You feel your power returning.
Unknown command.
Unknown command.
There is a staircase leading out of the dungeon here.
You have escaped!

.##..##..#######.....##..###.#.##
.†........######................#
.....####..........##....#...#..†
...#####.......#.#.......##..#..8
...# #..###.#..#.#..##.........#
...# #..##.......#..##......#..8
...# #..'..v.....#.#......†.....
...# #..##.v.....#...#....>.#..#
..### #..##>#...@.#.########.##..
....# ##.##....v..### #......#.
....# #..+........#### #......#.
)...# #..##.......#..####......#.
....# #..###########...........##
....# #..........# ######........
....###..........# #......#.
##..÷†...........# #########
########........# #


You could see 3 friendly fire vortices.

Vanquished Creatures
  Antaeus (Coc:7)
  Asmodeus (Geh:7)
  the Royal Jelly (Slime:5)
  Ereshkigal (Tar:7)
  Gloorx Vloq (Pan)
  Mnoleg (Pan)
  Lom Lobon (Pan)
  Dispater (Dis:7)
  15 dread liches
  8 orbs of fire
  10 ancient liches
  Mennas (Pan)
  Mara (Elf:3)
  3 juggernauts
  31 royal mummies
  Boris (Tomb:3)
  25 shard shrikes
  Margery (Depths:2)
  5 Killer Klowns
  11 caustic shrikes
  A curse toe (Zot:5)
  15 golden dragons
  Geryon (Hell)
  Nikola (Vaults:3)
  7 profane servitors
  10 pandemonium lords
  Jory (Crypt:3)
  A mutant beast (WizLab)
  21 bone dragons
  15 Brimstone Fiends
  4 electric golems
  23 tentacled monstrosities
  12 doom hounds
  A shard shrike zombie (Crypt:3)
  6 iron giants
  19 Tzitzimimeh
  13 hellephants
  7 liches
  18 tainted leviathans
  A walking crystal tome (Zot:4)
  21 Ice Fiends
  27 Orb Guardians
  Grunn (Zot:3)
  19 Hell Sentinels
  Asterion (Vaults:1)
  2 deep elf master archers (Elf:3)
  20 searing wretches
  2 deep elf blademasters
  30 acid blobs
  9 tentacled starspawn (Abyss:4)
  8 quicksilver dragons
  A walking frostbound tome (Depths:3)
  13 Executioners
  A kraken (Shoals:1)
  Gastronok (Lair:1)
  9 sphinxes
  10 death cobs
  43 ancient champions
  17 shadow dragons
  21 titans
  4 tengu reavers
  Kirke (Shoals:1)
  Donald (Elf:1)
  10 draconian monks
  10 revenants
  15 storm dragons
  13 rockslimes
  9 nagarajas
  18 azure jellies
  28 narguns
  3 demonspawn warmongers (Pan)
  11 iron dragons
  A frost giant (shapeshifter) (Zig:2)
  7 deep elf sorcerers
  7 emperor scorpions
  6 draconian knights
  4 frost giants
  6 draconian scorchers
  A fenstrider witch (Zig:12)
  34 fire giants
  6 quicksilver elementals
  6 draconian shifters
  9 curse skulls
  5 orc warlords
  65 balrugs
  18 vault wardens
  2 spectral caustic shrikes
  15 shard shrike simulacra
  6 ghost moths
  6 deep elf elementalists (Elf:3)
  4 draconian stormcallers
  An angel (Abyss:4)
  3 ghouls
  26 war gargoyles
  3 demonspawn corrupters (Pan)
  11 draconian annihilators
  10 reapers
  A caustic shrike skeleton (Crypt:3)
  A juggernaut skeleton (Crypt:3)
  A broodmother (shapeshifter) (WizLab)
  22 ironbound preservers
  5 broodmothers
  43 very ugly things
  4 deep elf demonologists
  12 green draconians
  16 stone giants
  22 cacodemons
  7 demonspawn blood saints (Pan)
  21 vampire knights
  9 bennus
  4 demonspawn black suns
  11 quicksilver oozes
  17 elemental wellsprings
  26 putrid mouths
  The ghost of McKennaii the Eclecticist, a journeyman DgCj (Orc:2)
  12 yellow draconians
  An eleionoma (shapeshifter) (Zig:7)
  7 black draconians
  4 eleionomae
  2 ironbound thunderhulks
  A dire elephant (shapeshifter) (Zig:7)
  9 deep elf annihilators
  15 red draconians
  18 wendigos
  12 purple draconians
  4 dire elephants (Vaults:1)
  4 lorocyprocas
  10 white draconians
  9 eidola
  8 spark wasps
  15 blizzard demons
  10 ettins
  4 merfolk javelineers
  18 green deaths
  20 jiangshi
  32 mummy priests
  9 merfolk impalers
  11 deep elf death magi
  Josephine (Orc:2)
  6 deep elf high priests
  A shambling mangrove (Zig:12)
  9 fire dragons
  17 yaktaur captains
  A fenstrider witch zombie (Crypt:3)
  2 spectral spriggans
  15 entropy weavers
  14 great orbs of eyes
  A spectral shadow dragon (Tar:1)
  3 spriggan zombies
  25 vault guards
  11 rakshasas
  14 ice dragons
  8 hydras
  2 peacekeepers
  3 spriggan skeletons
  15 salamander tyrants
  2 jorogumos (Spider:4)
  19 caustic shrike simulacra
  4 catoblepae (Lair:5)
  An anaconda (Zig:9)
  A catoblepas (shapeshifter) (WizLab)
  4 hell beasts
  9 boulder beetles
  7 juggernaut simulacra
  2 spriggan air magi
  An ogre mage (Vaults:5)
  4 merfolk avatars
  An alligator snapping turtle (Shoals:3)
  5 ironbound frosthearts
  14 centaur warriors
  6 merfolk aquamancers (Shoals:4)
  2 alligators (Lair:3)
  2 death knights
  4 radroaches
  3 satyrs
  21 stokers
  33 dancing weapons
  The ghost of jaiteiro the Thaumaturge, a journeyman SpEE of Vehumet (Lair:1)
  15 vampire magi
  An azure jelly zombie (Crypt:3)
  7 two-headed ogres
  A spriggan berserker (Depths:3)
  9 deep troll shamans
  3 naga warriors
  5 tengu warriors
  42 hell hogs
  13 death yaks
  36 death scarabs
  5 naga sharpshooters
  6 deep troll earth magi
  6 holy swine (Pan)
  A titan zombie (Zig:15)
  6 orc high priests
  7 shock serpents
  21 hell knights
  13 deep elf knights
  9 crystal echidnas
  2 storm dragon zombies (Crypt:3)
  85 sun demons
  Sonja (Orc:2)
  17 soul eaters
  6 skysharks
  11 thrashing horrors (Abyss:4)
  9 iron trolls
  6 death drakes
  Amaemon (Lair:1)
  A salamander mystic (Depths:1)
  A spark wasp zombie (Crypt:3)
  19 sixfirhies
  2 titan skeletons
  13 pharaoh ants
  9 wretched stars
  5 sun moths (Spider:4)
  A spectral anaconda (Tar:1)
  3 golden dragon zombies (Crypt:3)
  23 shadow wraiths
  3 fire crabs (Zig:14)
  24 skeletal warriors
  3 spectral bunyips
  9 flayed ghosts
  8 shadow demons (Pan)
  A sea snake (shapeshifter) (Zig:2)
  A deep troll (shapeshifter) (Vaults:5)
  5 bog bodies
  A spatial maelstrom (Abyss:4)
  An orb spider (shapeshifter) (Depths:1)
  3 quicksilver dragon simulacra
  A swamp dragon (shapeshifter) (Zig:13)
  An anaconda zombie (Hell)
  86 deep trolls
  15 sea snakes
  5 glowing orange brains
  16 deep elf archers
  4 orange crystal statues (Zig:3)
  12 wizards
  4 anaconda skeletons
  5 lindwurms
  2 tengu zombies
  9 necromancers
  19 orb spiders
  2 obsidian statues
  3 swamp dragons
  A naga ritualist (Zig:15)
  36 deep elf pyromancers
  15 ironbound convokers
  5 spriggan simulacra
  11 harpies
  7 phantasmal warriors
  A steelbarb worm (shapeshifter) (WizLab)
  48 ugly things
  8 steelbarb worms
  10 orc knights
  2 shining eyes (shapeshifter) (WizLab)
  2 fenstrider witch simulacra
  24 wolf spiders
  2 fauns (shapeshifter)
  A mana viper (shapeshifter) (Depths:1)
  33 deep elf zephyrmancers
  22 starcursed masses
  A spectral fire dragon (Tar:1)
  2 mana vipers
  22 manticores
  4 shining eyes
  10 cyclopes
  A salamander (shapeshifter) (WizLab)
  10 orc sorcerers
  A manticore (shapeshifter) (Zig:10)
  A moth of wrath (shapeshifter) (WizLab)
  4 salamanders
  35 large abominations
  An eleionoma skeleton (Crypt:2)
  14 black mambas
  14 fauns
  3 will-o-the-wisps
  A worldbinder (Abyss:4)
  14 elephants
  A jorogumo skeleton (Crypt:1)
  2 guardian serpents (Zig:15)
  2 naga zombies
  32 moths of wrath
  A frost giant skeleton (Zig:5)
  10 merfolk sirens
  Joseph (D:10)
  2 centaur zombies
  2 apocalypse crabs (Zig:8)
  A rust devil (Crypt:3)
  25 vault sentinels
  3 eyes of devastation
  11 torpor snails
  6 ice statues
  6 titan simulacra
  3 naga magi
  4 molten gargoyles (Hell)
  A torpor snail (shapeshifter) (Zig:2)
  An elephant (shapeshifter) (Depths:1)
  2 cane toads (shapeshifter)
  4 gargoyles
  24 demonic crawlers
  44 smoke demons
  14 cane toads
  7 water nymphs
  33 orange demons
  An emperor scorpion simulacrum (Coc:1)
  29 hellions
  11 efreet
  2 unseen horrors
  A dire elephant skeleton (Tomb:2)
  35 yaktaurs
  A bunyip simulacrum (Coc:2)
  A rime drake (shapeshifter) (Depths:1)
  9 komodo dragons
  A komodo dragon (shapeshifter) (WizLab)
  2 yaktaurs (shapeshifter)
  11 anaconda simulacra
  4 centaur skeletons
  24 freezing wraiths
  2 iron giant simulacra
  A grey draconian skeleton (Crypt:1)
  4 rime drakes
  46 guardian mummies
  6 tengu conjurers
  3 sea snake zombies (Hell)
  24 tormentors
  3 red devils
  A yellow draconian skeleton (Crypt:3)
  2 golden dragon simulacra (IceCv)
  A harpy zombie (Crypt:3)
  5 ancient zymes
  5 spectral harpies
  23 hellwings (Pan)
  A mana viper zombie (Crypt:1)
  10 trolls
  A moth of wrath zombie (Crypt:2)
  2 ice devils
  19 meliai
  3 tyrant leeches (Zig:12)
  6 wind drakes
  A troll (shapeshifter) (WizLab)
  2 polar bears
  2 silent spectres (Tar:6)
  32 tarantellas
  A shadow dragon simulacrum (Coc:2)
  11 snapping turtles
  A wind drake (shapeshifter) (WizLab)
  21 merfolk
  21 dream sheep
  A harpy skeleton (Crypt:2)
  13 raiju
  A fire dragon zombie (Tomb:2)
  A blink frog (shapeshifter) (WizLab)
  6 blink frogs (Abyss:4)
  132 slime creatures
  2 iron dragon simulacra
  A tarantella zombie (Crypt:1)
  4 hydra skeletons
  An alligator zombie (Hell)
  4 stone giant simulacra
  2 snapping turtles (shapeshifter)
  An ettin zombie (Tomb:1)
  38 flying skulls
  Sigmund (D:4)
  25 culicivoras
  A jumping spider (shapeshifter) (WizLab)
  29 jumping spiders
  2 centaur simulacra
  An alligator skeleton (Crypt:2)
  An ettin skeleton (Pan)
  3 spriggans (shapeshifter)
  2 culicivoras (shapeshifter)
  14 dire elephant simulacra
  22 ynoxinuls
  2 air elementals
  24 humans
  3 wyverns
  24 vampires
  15 water elementals
  A merfolk skeleton (Tomb:2)
  An alligator snapping turtle simulacrum (Coc:2)
  27 ushabtiu
  11 wraiths
  A basilisk (shapeshifter) (WizLab)
  12 chaos spawn
  22 neqoxecs
  A fire bat (shapeshifter) (WizLab)
  9 golden eyes
  59 yaks
  6 basilisks
  4 hogs (Shoals:1)
  A human (shapeshifter) (WizLab)
  A redback (shapeshifter) (Zig:13)
  A steam dragon (Lair:2)
  7 fire elementals
  3 hogs (shapeshifter)
  63 redbacks
  28 iron golems
  3 wargs
  5 acid dragons
  A death yak simulacrum (Lair:1)
  12 vampire mosquitoes
  A minotaur simulacrum (IceCv)
  A naga (shapeshifter) (WizLab)
  4 nagas
  13 harpy simulacra
  A merfolk zombie (Crypt:1)
  2 swamp worms (shapeshifter)
  8 water moccasins
  A hell hound (Zig:14)
  8 hydra simulacra
  Pargi (Sewer)
  2 floating eyes (shapeshifter)
  6 floating eyes
  3 swamp drakes
  A water moccasin (shapeshifter) (WizLab)
  3 alligator simulacra (IceCv)
  A swamp dragon zombie (Crypt:3)
  42 orc warriors
  3 black bears
  A sky beast (shapeshifter) (WizLab)
  An ettin simulacrum (Coc:7)
  14 small abominations
  32 wolves
  A tengu (shapeshifter) (WizLab)
  11 ogres
  A boggart (Vaults:3)
  A boggart (shapeshifter) (WizLab)
  A manticore skeleton (Crypt:2)
  20 centaurs
  2 phantoms (D:5)
  13 bullfrogs
  4 kobold brigands
  2 bullfrogs (shapeshifter) (WizLab)
  2 naga simulacra
  A necrophage (Crypt:1)
  4 earth elementals (Elf:1)
  2 deep troll simulacra (IceCv)
  A skyshark simulacrum (Lair:1)
  A gnoll sergeant (D:9)
  5 wights (D:8)
  4 lindwurm simulacra
  A blink frog simulacrum (Lair:1)
  15 killer bees
  A swamp dragon simulacrum (Coc:1)
  2 electric eels (Lair:1)
  A troll skeleton (Volcano)
  3 howler monkeys
  A wolf skeleton (Crypt:2)
  A komodo dragon simulacrum (Lair:1)
  12 jellies
  A wyvern simulacrum (Lair:1)
  A hound (D:6)
  32 orc priests
  2 gnoll boudas
  8 iron imps (Crypt:3)
  23 orc wizards
  A black bear skeleton (Crypt:1)
  Natasha (twice) (D:4)
  4 iguanas
  12 hell rats
  A sky beast zombie (Crypt:2)
  A bullfrog simulacrum (Lair:1)
  A naga skeleton (Volcano)
  55 mummies
  6 gnolls
  A river rat (D:6)
  3 adders
  A steam dragon skeleton (Crypt:3)
  2 shadow imps
  2 white imps
  An ufetubus (D:5)
  An adder skeleton (Crypt:3)
  73 orcs
  6 bats
  8 endoplasms
  4 giant cockroaches
  5 goblins
  5 hobgoblins
  12 jackals
  4 quokkas
  6 ball pythons
  A frilled lizard (D:3)
  14 kobolds
  A quokka skeleton (Crypt:2)
  10 rats
  2 ball lightnings (Pan)
  4 creeping infernos
  50 fire vortices
  A lurking horror (Abyss:4)
  2 starspawn tentacles (Abyss:4)
  2 tentacles (Shoals:1)
4642 creatures vanquished.

Vanquished Creatures (collateral kills)
  An ancient lich (Zot:5)
  2 royal mummies (Tomb:1)
  A doom hound (Tar:2)
  An Ice Fiend (Dis:2)
  A hellephant (Geh:3)
  3 titans
  A tainted leviathan (Tar:7)
  A quicksilver dragon (Zig:16)
  An acid blob (Slime:2)
  2 Executioners (Abyss:4)
  A ghoul (Crypt:2)
  A cacodemon (Hell)
  3 ironbound preservers
  2 ironbound thunderhulks (Vaults:3)
  4 very ugly things
  A juggernaut skeleton (Abyss:4)
  A vampire knight (Crypt:1)
  A dire elephant (Vaults:1)
  A red draconian (Zot:1)
  An ettin (Vaults:5)
  A blizzard demon (Pan)
  A jiangshi (Crypt:2)
  A yaktaur captain (Vaults:4)
  2 vault guards (Vaults:5)
  An Orb Guardian skeleton (Crypt:3)
  2 shadow wraiths
  A storm dragon zombie (Crypt:3)
  A death drake (Zig:16)
  3 slime creatures
  A deep troll (Vaults:1)
  2 phantasmal warriors (Crypt:3)
  A harpy (Zig:5)
  An orc knight (Vaults:5)
  A shining eye (Slime:3)
  A moth of wrath (Zot:1)
  A spectral centaur (Tar:1)
  A smoke demon (Pan)
  A dire elephant zombie (Crypt:1)
  2 orange demons (Pan)
  A centaur skeleton (Pan)
  A hellion (Pan)
  A raiju (Abyss:4)
  A hellwing (Pan)
  An ushabti (Tomb:1)
  A wyvern (Zig:16)
  2 ynoxinuls (Pan)
  2 humans (Zot:3)
  A golden eye (Pan)
  2 large abominations
  4 harpy simulacra
  A hydra simulacrum (Hell)
  A swamp drake (Zig:16)
  A small abomination (Abyss:4)
  A jelly (Abyss:4)
  3 mummies
  An ufetubus (Abyss:4)
80 creatures vanquished.

Vanquished Creatures (others)
  An eldritch tentacle (Pan)
  A fire giant (Geh:3)
  A balrug (Geh:5)
  A green death (Pan)
  2 stokers (Geh:7)
  A demonic crawler (Spider:1)
  A smoke demon (Abyss:4)
  2 centaurs (D:11)
  A howler monkey (D:14)
  A white imp (Abyss:2)
  7 ball lightnings (Pan)
  2 creeping infernos
  1329 fire vortices
  4 foxfires (Abyss:4)
  A lurking horror (Abyss:4)
  4 starspawn tentacles (Abyss:4)
  2 tentacles (Shoals:1)
1361 creatures vanquished.

Grand Total: 6083 creatures vanquished

Notes
Turn   | Place    | Note
-------+----------+-------------------------------------------
     0 | D:1      | engelados the Demonspawn Conjurer began the quest for the
                  | Orb.
     0 | D:1      | Reached XP level 1. HP: 13/13 MP: 3/3
   293 | D:1      | Gained mutation: A meltable shield of frost defends you.
                  | (SH +0) [demonic ancestry]
   293 | D:1      | Reached XP level 2. HP: 19/19 MP: 3/5
  1005 | D:2      | Reached XP level 3. HP: 19/24 MP: 1/7
  1247 | D:2      | Found a faded altar of an unknown god.
  1869 | D:3      | Reached XP level 4. HP: 30/30 MP: 0/8
  1955 | D:3      | Reached skill level 5 in Conjurations
  2623 | D:3      | Found Renec's Magic Scroll Boutique.
  2629 | D:3      | Bought a scroll of identify for 20 gold pieces
  2629 | D:3      | Bought a scroll of teleportation for 30 gold pieces
  2847 | D:4      | Gained mutation: You have large cloven feet. [demonic
                  | ancestry]
  2847 | D:4      | Reached XP level 5. HP: 35/35 MP: 5/10
  2902 | D:4      | Found an ornate altar of the Wu Jian Council.
  2905 | D:4      | Found a bloodstained altar of Trog.
  2905 | D:4      | Found a sparkling altar of Nemelex Xobeh.
  2907 | D:4      | Found a broken altar of Ashenzari.
  2907 | D:4      | Found a snail-covered altar of Cheibriados.
  2948 | D:4      | Noticed Sigmund
  2957 | D:4      | Killed Sigmund
  2958 | D:4      | Gained mutation: You regenerate a little health from kills.
                  | [demonic ancestry]
  2958 | D:4      | Reached XP level 6. HP: 38/41 MP: 2/12
  3213 | D:4      | Noticed Natasha
  3216 | D:4      | Killed Natasha
  3368 | D:4      | Learned a level 4 spell: Iskenderun's Mystic Blast
  3401 | D:5      | Entered Level 5 of the Dungeon
  3523 | D:5      | Reached skill level 1 in Translocations
  3624 | D:5      | Gained mutation: You regenerate health from kills. [demonic
                  | ancestry]
  3624 | D:5      | Reached XP level 7. HP: 46/46 MP: 7/14
  3645 | D:5      | Reached skill level 5 in Spellcasting
  3681 | D:4      | Noticed Natasha
  3696 | D:4      | Killed Natasha
  4691 | D:6      | Found a staircase to the Ecumenical Temple.
  4699 | D:6      | Gained mutation: A meltable icy envelope protects you from
                  | harm. (AC +0) [demonic ancestry]
  4699 | D:6      | Reached XP level 8. HP: 52/52 MP: 2/16
  5042 | D:6      | Found a glowing drain.
  5047 | Sewer    | Entered a sewer
  5125 | Sewer    | Noticed Pargi
  5149 | Sewer    | Killed Pargi
  6262 | D:7      | Found an opulent altar of Gozag.
  6552 | D:7      | Gained mutation: You have a somewhat thin skeletal
                  | structure. (Dex +2, Stealth+) [demonic ancestry]
  6552 | D:7      | Reached XP level 9. HP: 57/57 MP: 12/19
  6661 | D:7      | Reached skill level 5 in Translocations
  6898 | D:7      | Found a transporter.
  6898 | D:7      | Noticed aeroqp's ghost (novice VSCj)
  6916 | D:7      | Found a transporter.
  7920 | D:8      | Learned a level 5 spell: Fireball
  7928 | D:8      | Learned a level 7 spell: Orb of Destruction
  8265 | D:8      | Noticed a cyclops
  8456 | D:8      | Found a transporter.
  8460 | D:8      | Noticed dracomuter's ghost (novice TrCK)
  8694 | D:8      | Found a transporter.
  8694 | D:8      | Noticed a moth of wrath
  8935 | D:9      | Found a hazy altar of Hepliaklqana.
  8943 | D:9      | Found a stormy altar of Qazlal.
  8945 | D:9      | Found a radiant altar of Vehumet.
  8947 | D:9      | Found a shimmering altar of Xom.
  8951 | D:9      | Became a worshipper of Vehumet
  9130 | D:9      | Noticed a centaur warrior
  9359 | D:9      | Gained mutation: You have a moderately thin skeletal
                  | structure. (Dex +4, Stealth++) [demonic ancestry]
  9359 | D:9      | Reached XP level 10. HP: 48/63 MP: 3/22
  9520 | D:9      | Killed a centaur warrior
  9521 | D:9      | Reached skill level 10 in Conjurations
  9769 | D:9      | Noticed a two-headed ogre
  9782 | D:9      | Killed a two-headed ogre
  9931 | D:9      | Found Iromecw's Jewellery Shop.
  9936 | D:9      | Bought a ring of magical power for 240 gold pieces
 10379 | D:9      | Noticed a two-headed ogre
 10382 | D:9      | Killed a two-headed ogre
 10737 | D:9      | Noticed a boulder beetle
 10749 | D:9      | Killed a boulder beetle
 10883 | D:9      | Identified the +3 leather armour of a treasure trove {rF+
                  | Int+4}
 10883 | D:9      | Identified the +4 trident "Ogrebane" {heavy, rC+}
 10898 | D:9      | Noticed a rakshasa
 10904 | D:9      | Reached * piety under Vehumet
 10904 | D:9      | Offered knowledge of Freeze by Vehumet.
 10905 | D:9      | Gained mutation: You have hoof-like feet. [demonic
                  | ancestry]
 10905 | D:9      | Reached XP level 11. HP: 68/68 MP: 17/24
 10906 | D:9      | Reached skill level 1 in Armour
 10908 | D:9      | Killed a rakshasa
 11051 | D:9      | Identified the +3 quarterstaff "Qeduixef" {heavy, Contam
                  | rElec Will+ Dex+3}
 11052 | D:9      | Identified the +3 morningstar "Ciakhleq" {freeze, rF+ rC++
                  | Int-2}
 11054 | D:9      | Identified the -1 pair of boots "Miloigatz" {Contam Harm
                  | rC+++ Int-2}
 11092 | D:9      | Noticed a purple ugly thing
 11092 | D:9      | Noticed a five-headed hydra
 11095 | D:9      | Killed a five-headed hydra
 11099 | D:9      | Reached skill level 10 in Spellcasting
 11099 | D:9      | Killed a purple ugly thing
 11239 | D:9      | Identified the amulet "Uxkoemmi" {RegenMP Int+2}
 11768 | D:10     | Entered Level 10 of the Dungeon
 11804 | D:10     | Noticed Joseph
 11814 | D:10     | Killed Joseph
 11863 | D:10     | Noticed a two-headed ogre
 11873 | D:10     | Killed a two-headed ogre
 11874 | D:10     | Reached skill level 1 in Fire Magic
 11914 | D:10     | Found an ancient bone altar of Kikubaaqudgha.
 11928 | D:10     | Noticed a two-headed ogre
 11957 | D:10     | Killed a two-headed ogre
 12748 | D:11     | Found a staircase to the Lair.
 12868 | D:11     | Found a runed translucent gate.
 12868 | D:11     | Found a runed translucent gate.
 12868 | D:11     | Found a runed translucent gate.
 12885 | D:11     | Reached ** piety under Vehumet
 12894 | D:11     | Offered knowledge of Scorch by Vehumet.
 12923 | D:11     | Reached skill level 5 in Dodging
 12923 | D:11     | Reached XP level 12. HP: 74/74 MP: 19/26
 13030 | D:11     | Noticed a boulder beetle
 13048 | D:11     | Killed a boulder beetle
 13627 | D:11     | Noticed TangoThomas's ghost (journeyman DsRe)
 13628 | D:11     | Noticed a 12-headed hydra
 13628 | D:11     | Noticed a ten-headed hydra
 13851 | D:12     | Found a staircase to the Orcish Mines.
 14172 | D:12     | Offered knowledge of Hailstorm by Vehumet.
 14271 | D:12     | Noticed a two-headed ogre
 14279 | D:12     | Killed a two-headed ogre
 14656 | D:12     | Reached *** piety under Vehumet
 14822 | D:12     | Reached skill level 5 in Armour
 14822 | D:12     | Reached skill level 5 in Fire Magic
 15238 | Lair:1   | Entered Level 1 of the Lair of Beasts
 15308 | Lair:1   | Offered knowledge of Frozen Ramparts by Vehumet.
 15390 | Lair:1   | Gained mutation: You have hooves in place of feet. [demonic
                  | ancestry]
 15390 | Lair:1   | Reached XP level 13. HP: 79/79 MP: 28/28
 15412 | Lair:1   | Found a runed translucent gate.
 15413 | Lair:1   | Found a runed translucent gate.
 15414 | Lair:1   | Found a runed translucent gate.
 15452 | Lair:1   | Noticed jaiteiro's ghost (journeyman SpEE)
 15453 | Lair:1   | Found the +18 shield of the Gong {Loud rN+ Will+ rCorr
                  | EV-5}
 15502 | Lair:1   | Found a burning altar of Makhleb.
 15705 | Lair:1   | Reached **** piety under Vehumet
 15756 | Lair:1   | Noticed Gastronok
 15763 | Lair:1   | Killed Gastronok
 15774 | Lair:1   | Offered knowledge of Airstrike by Vehumet.
 15775 | Lair:1   | Noticed Amaemon
 15780 | Lair:1   | Killed Amaemon
 16156 | Lair:1   | Killed jaiteiro's ghost
 16199 | Lair:1   | Got the ring of Dino {Fire rPois rCorr Dex-2 SInv}
 16475 | Lair:2   | Found a staircase to the Shoals.
 17489 | Lair:3   | Found a dark tunnel.
 17502 | Volcano  | Entered a volcano
 17622 | Volcano  | Reached ***** piety under Vehumet
 17891 | Volcano  | Reached XP level 14. HP: 85/85 MP: 30/30
 18042 | Lair:3   | Found a hole to the Spider Nest.
 18083 | Lair:3   | Offered knowledge of Lee's Rapid Deconstruction by Vehumet.
 18619 | Lair:3   | Identified the staff of earth "Onged" {rN+ Int+8 Dex-2
                  | Stlth+}
 18631 | Lair:3   | Identified the +9 long sword of Profit {flame, *Noise rElec
                  | Str+2 SInv}
 19277 | Lair:4   | Reached skill level 15 in Conjurations
 19550 | Lair:4   | Found a staircase to the Slime Pits.
 19686 | Lair:4   | Found a viscous altar of Jiyva.
 19831 | Lair:5   | Entered Level 5 of the Lair of Beasts
 19901 | Lair:5   | Offered knowledge of Iron Shot by Vehumet.
 20452 | Lair:5   | Found a runed translucent gate.
 20457 | Lair:5   | Found a runed translucent gate.
 20458 | Lair:5   | Found a runed translucent gate.
 20467 | Lair:5   | Noticed an acid blob
 20467 | Lair:5   | Noticed a rockslime
 20468 | Lair:5   | Noticed an azure jelly
 20468 | Lair:5   | Noticed an acid blob
 20468 | Lair:5   | Noticed Voland's ghost (journeyman TeAE)
 20468 | Lair:5   | Noticed an azure jelly
 20511 | Lair:5   | Noticed an azure jelly
 20512 | Lair:5   | Found a viscous altar of Jiyva.
 20512 | Lair:5   | Noticed an acid blob
 20861 | Lair:5   | Reached XP level 15. HP: 90/90 MP: 33/33
 20976 | Lair:5   | Found the +12 glaive of Prune {freeze, Prune}
 21464 | D:13     | Found a gate to the Vaults.
 21923 | D:13     | Reached skill level 15 in Spellcasting
 22130 | D:14     | Found a frozen archway.
 22141 | IceCv    | Entered an ice cave
 22143 | IceCv    | Reached skill level 1 in Fighting
 22350 | IceCv    | Reached skill level 5 in Fighting
 22602 | IceCv    | Offered knowledge of Spellforged Servitor by Vehumet.
 22617 | IceCv    | Noticed a lich
 22639 | IceCv    | Killed a lich
 22672 | IceCv    | Found an ancient bone altar of Kikubaaqudgha.
 22761 | IceCv    | Found the +2 Maxwell's thermic engine {flame, freeze, rev}
 23122 | D:14     | Reached ****** piety under Vehumet
 24167 | D:15     | Entered Level 15 of the Dungeon
 24563 | D:15     | Found a staircase to the Depths.
 24667 | D:15     | Gained mutation: You regenerate a lot of health from kills.
                  | [demonic ancestry]
 24667 | D:15     | Reached XP level 16. HP: 96/115 MP: 34/35
 24933 | D:15     | Found a blossoming altar of Fedhas.
 25146 | Orc:1    | Entered Level 1 of the Orcish Mines
 25222 | Orc:1    | Offered knowledge of Eringya's Noxious Bog by Vehumet.
 25549 | Orc:2    | Entered Level 2 of the Orcish Mines
 25566 | Orc:2    | Noticed Sonja
 25568 | Orc:2    | Killed Sonja
 25889 | Orc:2    | Noticed McKennaii's ghost (journeyman DgCj)
 26051 | Orc:2    | Found a staircase to the Elven Halls.
 26071 | Orc:2    | Offered knowledge of Ozocubu's Refrigeration by Vehumet.
 26216 | Orc:2    | Found Faits's Assorted Antiques.
 26216 | Orc:2    | Found Zoqemm's Weapon Shoppe.
 26217 | Orc:2    | Found Jynol's Magic Scroll Shoppe.
 26253 | Orc:2    | Found Larue's Distillery.
 26260 | Orc:2    | Bought a potion of flight for 45 gold pieces
 26260 | Orc:2    | Bought a potion of heal wounds for 75 gold pieces
 26260 | Orc:2    | Bought 2 potions of curing for 90 gold pieces
 26260 | Orc:2    | Bought a potion of curing for 45 gold pieces
 26260 | Orc:2    | Bought a potion of heal wounds for 75 gold pieces
 26261 | Orc:2    | Bought a scroll of enchant armour for 105 gold pieces
 26261 | Orc:2    | Bought a scroll of magic mapping for 105 gold pieces
 26261 | Orc:2    | Bought a scroll of blinking for 105 gold pieces
 26261 | Orc:2    | Bought a scroll of identify for 28 gold pieces
 26261 | Orc:2    | Bought a scroll of magic mapping for 105 gold pieces
 26263 | Orc:2    | Bought a scroll of identify for 48 gold pieces
 26278 | Orc:2    | Noticed Josephine
 26281 | Orc:2    | Killed Josephine
 26417 | Orc:2    | Found a runed translucent gate.
 26424 | Orc:2    | Found a runed translucent gate.
 26425 | Orc:2    | Found a runed translucent gate.
 26548 | Orc:2    | Killed McKennaii's ghost
 26971 | Shoals:1 | Entered Level 1 of the Shoals
 27255 | Shoals:1 | Noticed a kraken
 27262 | Shoals:1 | Killed a kraken
 27272 | Shoals:1 | Reached skill level 10 in Fighting
 27342 | Shoals:1 | Noticed Kirke
 27346 | Shoals:1 | Killed Kirke
 27390 | Shoals:1 | Found Lowub's Antique Armour Shoppe.
 27403 | Shoals:1 | Bought a fading leather armour for 259 gold pieces
 27403 | Shoals:1 | Identified the +2 leather armour of Onydgheko {Int+3} (You
                  | bought it in a shop on level 1 of the Shoals)
 28147 | Shoals:2 | Offered knowledge of Eringya's Noxious Bog by Vehumet.
 28735 | Shoals:3 | Reached skill level 15 in Fighting
 28735 | Shoals:3 | Reached XP level 17. HP: 132/142 MP: 23/36
 29204 | Shoals:4 | Entered Level 4 of the Shoals
 29451 | Shoals:4 | Identified the +1 short sword of Yskor {antimagic, rElec}
 29862 | Shoals:4 | Reached skill level 10 in Dodging
 29960 | Shoals:4 | Got a barnacled rune of Zot
 30020 | Shoals:4 | Found the +8 autumn katana {manifold assault}
 30156 | Shoals:4 | Offered knowledge of Ignition by Vehumet.
 30606 | Spider:1 | Entered Level 1 of the Spider Nest
 31434 | Spider:1 | Identified a scroll of acquirement
 31881 | Spider:2 | Offered knowledge of Lehudib's Crystal Spear by Vehumet.
 31881 | Spider:2 | Offered knowledge of Fire Storm by Vehumet.
 31881 | Spider:2 | Offered knowledge of Chain Lightning by Vehumet.
 32366 | Spider:2 | Gained mutation: You have an unnaturally thin skeletal
                  | structure. (Dex +6, Stealth+++) [demonic ancestry]
 32366 | Spider:2 | Reached XP level 18. HP: 149/149 MP: 38/38
 33366 | Spider:4 | Entered Level 4 of the Spider Nest
 33642 | Spider:4 | Found a hide-covered altar of Uskayaw.
 34150 | Spider:4 | Identified the scarf of Okawaru's Whim {rC+ rF+, rPois
                  | Dex-5 SInv}
 34155 | Spider:4 | Got a gossamer rune of Zot
 34928 | Elf:1    | Entered Level 1 of the Elven Halls
 35043 | Elf:1    | Noticed Donald
 35045 | Elf:1    | Killed Donald
 35136 | Elf:1    | Identified the +1 helmet of the Hurling Gods {Dex+3}
 35614 | Elf:1    | Gained mutation: A meltable icy envelope protects you from
                  | harm. (AC +0) [demonic ancestry]
 35614 | Elf:1    | Reached XP level 19. HP: 155/155 MP: 40/40
 35617 | Elf:1    | Paralysed by an air elemental for 1 turns
 36010 | Elf:1    | Got the Parchment of Assembled Impulse
 36050 | Elf:1    | Found Juungis's Weapon Shoppe.
 36149 | Elf:2    | Paralysed by an air elemental for 1 turns
 36199 | Elf:2    | Found Akuysmy's Magic Scroll Shoppe.
 36384 | Elf:2    | Bought a scroll of blinking for 82 gold pieces
 36384 | Elf:2    | Bought a scroll of teleportation for 33 gold pieces
 36384 | Elf:2    | Bought a scroll of enchant armour for 82 gold pieces
 36724 | Elf:2    | Found a runed translucent gate.
 36724 | Elf:2    | Found a runed translucent gate.
 36724 | Elf:2    | Found a runed translucent gate.
 36902 | Elf:2    | Reached skill level 10 in Fire Magic
 37399 | Elf:3    | Entered Level 3 of the Elven Halls
 38015 | Elf:3    | Noticed Mara
 38022 | Elf:3    | Killed Mara
 38683 | Elf:3    | Identified the +5 dire flail "Rogosoos" {pain, rElec rPois
                  | rF-}
 38695 | Elf:3    | Identified the +9 long sword "Ixeteh" {speed, rF++ Will-
                  | Dex+3 SInv}
 38714 | Elf:3    | Identified the staff of fire "Wed Pari" {*Corrode Fly rF+
                  | Dex+3 SInv}
 39116 | Elf:3    | Identified the +1 hand axe of the Abyss {pain, rPois rF+}
 39126 | Elf:3    | Identified the +10 quarterstaff of Fychoy {speed, rC+
                  | Str+2}
 39126 | Elf:3    | Identified the ring "Veneg" {rPois MP+9 Str-2 Int+2}
 39131 | Elf:3    | Gained mutation: You punish those that try to bend your
                  | will. (Will+) [demonic ancestry]
 39131 | Elf:3    | Reached XP level 20. HP: 162/162 MP: 25/43
 39176 | Elf:3    | Identified the +12 short sword "Ramae" {spect, rElec} (You
                  | took it off a deep elf archer on level 3 of the Elven
                  | Halls)
 39325 | Elf:3    | Identified the +1 battleaxe of Koqok {elec, rN+}
 39332 | Elf:3    | Identified the amulet "Soumusm" {Acrobat *Corrode Dex+5}
                  | (You took it off a deep elf archer on level 3 of the Elven
                  | Halls)
 39422 | Elf:3    | Identified the staff of air "Gico" {Fragile rElec rCorr
                  | Int+3}
 39460 | Elf:3    | Got Sif Muna's Information on Accompaniment
 39461 | Elf:3    | Identified the +0 robe of the Blind Marksman {Dex+5}
 39473 | Elf:3    | Got Kautham's Lectures on the Fault and the Hornet
 39514 | Elf:3    | Got Sif Muna's Cyclopedia of Curses and Frost
 39786 | Depths:1 | Entered Level 1 of the Depths
 40213 | Depths:1 | Found a shimmering altar of Xom.
 40218 | Depths:1 | Found a one-way gateway to a ziggurat.
 40536 | Depths:1 | Found a gateway to Hell.
 41261 | Depths:1 | Found a one-way gate leading to the halls of Pandemonium.
 41291 | Depths:1 | Got Sif Muna's Omnibus of Superiority
 42127 | Depths:2 | Noticed Margery
 42259 | Depths:2 | Killed Margery
 43117 | Depths:3 | Gained mutation: You are resistant to unholy torment.
                  | [demonic ancestry]
 43117 | Depths:3 | Reached XP level 21. HP: 168/168 MP: 45/45
 43581 | Depths:3 | Found a corrupted altar of Lugonu.
 43581 | Depths:3 | Found a one-way gate to the infinite horrors of the Abyss.
 43865 | Depths:3 | Found a stormy altar of Qazlal.
 44040 | Depths:4 | Entered Level 4 of the Depths
 44058 | Depths:4 | Noticed a juggernaut
 44065 | Depths:4 | Killed a juggernaut
 44481 | Depths:4 | Found a transporter.
 44494 | Depths:4 | Found a transporter.
 44495 | Depths:4 | Found a transporter.
 44497 | Depths:4 | Found a transporter.
 44723 | Depths:4 | Noticed a golden dragon
 44850 | Depths:4 | Killed a golden dragon
 45058 | Depths:4 | Noticed a golden dragon
 45063 | Depths:4 | Killed a golden dragon
 45465 | Depths:4 | Found a transporter.
 45469 | Depths:4 | Found a transporter.
 45533 | Depths:4 | Noticed a golden dragon
 45549 | Depths:4 | Killed a golden dragon
 46150 | Depths:4 | Found a gate to the Realm of Zot.
 46342 | Depths:4 | Identified the +3 robe "Alycaevafi" {-Tele Regen+ Str+3
                  | Dex+3}
 46430 | Depths:4 | Noticed a golden dragon
 46456 | Depths:4 | Killed a golden dragon
 46561 | Depths:4 | Learned a level 9 spell: Fire Storm
 46897 | Slime:1  | Entered Level 1 of the Pits of Slime
 46905 | Slime:1  | Reached XP level 22. HP: 167/175 MP: 35/46
 48035 | Slime:3  | Reached skill level 15 in Fire Magic
 48873 | Slime:5  | Entered Level 5 of the Pits of Slime
 48993 | Slime:5  | Noticed the Royal Jelly
 48999 | Slime:5  | Killed the Royal Jelly
 49273 | Slime:5  | Found the +2 hat of the Bear Spirit {Spirit, Bear, *Rage
                  | Will++}
 49277 | Slime:5  | Identified the +2 robe of Mezcal {Will+ Int+2 Dex+3 SInv}
 49281 | Slime:5  | Got Sif Muna's Compilation of Embers and Clay
 49295 | Slime:5  | Identified the +7 rapier "Ultimatum" {heavy, rC- rN+ Str+3
                  | Stlth+}
 49306 | Slime:5  | Identified the staff of fire "Beikaes" {rF+ Stlth+}
 49311 | Slime:5  | Identified the +10 longbow "Konouseh" {freeze, MP+9 Dex+3
                  | Stlth+}
 49340 | Slime:5  | Got Quropn's Compilation of the Spheres
 49342 | Slime:5  | Got a slimy rune of Zot
 49355 | Slime:5  | Identified the staff of earth "Asousu" {Fly rN+ Int-3
                  | Dex+6}
 49358 | Slime:5  | Identified the +1 falchion of the Enchanting Augurer
                  | {venom, Str+5}
 49366 | Slime:5  | Identified the amulet "Fausu" {Faith rPois rF+ rC+++ MP-9}
 49836 | Vaults:1 | Entered Level 1 of the Vaults
 50350 | Vaults:1 | Noticed Asterion
 50353 | Vaults:1 | Killed Asterion
 51048 | Vaults:1 | Reached XP level 23. HP: 182/182 MP: 35/48
 52927 | Vaults:2 | Found Boil Ydgh's Book Shop.
 52935 | Vaults:2 | Bought a Necronomicon for 952 gold pieces
 52935 | Vaults:2 | Bought a book of Ice for 850 gold pieces
 53413 | Vaults:3 | Found a staircase to the Crypt.
 53413 | Vaults:3 | Found a basalt altar of Yredelemnul.
 53413 | Vaults:3 | Found an ancient bone altar of Kikubaaqudgha.
 53945 | Vaults:3 | Noticed Nikola
 53947 | Vaults:3 | Killed Nikola
 54734 | Vaults:4 | Found Seett's Assorted Antiques.
 54755 | Vaults:4 | Identified the +7 demon blade of Governance {pain, rElec}
 55482 | Crypt:1  | Entered Level 1 of the Crypt
 55901 | Crypt:1  | Reached XP level 24. HP: 191/191 MP: 49/49
 56688 | Crypt:2  | Found a magical portal.
 56700 | WizLab   | Entered Cigotuvi's Fleshworks
 57343 | WizLab   | Found the -2 hat of the Alchemist {rElec rPois rF+ rC+ rN+
                  | Will+ rMut rCorr}
 57398 | WizLab   | Got the Verses on Reconstruction
 57954 | Crypt:3  | Entered Level 3 of the Crypt
 58556 | Crypt:3  | Got the Elucidation of Sinister Acts
 58791 | Crypt:3  | Noticed Jory
 58794 | Crypt:3  | Killed Jory
 59137 | Crypt:3  | Found a corrupted altar of Lugonu.
 59519 | Crypt:3  | Found a staircase to the Tomb.
 59593 | Crypt:3  | Reached skill level 15 in Dodging
 60355 | Hell     | Entered the Vestibule of Hell
 60363 | Hell     | Noticed Geryon
 60447 | Hell     | Killed Geryon
 60611 | Hell     | Found a gateway to the Iron City of Dis.
 60725 | Hell     | Reached XP level 25. HP: 197/197 MP: 50/50
 60898 | Hell     | Found a gateway to the freezing wastes of Cocytus.
 61051 | Hell     | Found a gateway to the decaying netherworld of Tartarus.
 61160 | Hell     | Found a gateway to the ashen valley of Gehenna.
 61247 | Zig:1    | Entered Level 1 of a ziggurat
 61269 | Zig:2    | Entered Level 2 of a ziggurat
 61389 | Zig:3    | Entered Level 3 of a ziggurat
 61503 | Zig:3    | Got the Discursus on Portals and Convocation
 61505 | Zig:3    | Identified the +4 sling of Contradiction {heavy, *Slow Fly
                  | rN++ Str-5 Dex+3}
 61512 | Zig:4    | Entered Level 4 of a ziggurat
 61518 | Zig:4    | Reached skill level 1 in Shields
 61557 | Zig:4    | Identified the amulet "Daeppagaho" {Faith Dex+3}
 61578 | Zig:5    | Entered Level 5 of a ziggurat
 61707 | Zig:6    | Entered Level 6 of a ziggurat
 61712 | Zig:6    | Noticed a dread lich
 61715 | Zig:6    | Killed a dread lich
 61737 | Zig:6    | Identified the +4 long sword of Nadiv {freeze, rC+}
 61741 | Zig:6    | Gained mutation: You can hurl damnation. [demonic ancestry]
 61741 | Zig:6    | Reached XP level 26. HP: 204/204 MP: 50/50
 61742 | Zig:6    | Reached XP level 27. HP: 210/210 MP: 50/50
 61746 | Zig:7    | Entered Level 7 of a ziggurat
 61753 | Zig:7    | Noticed Poucinli the pandemonium lord
 61756 | Zig:7    | Killed Poucinli the pandemonium lord
 61781 | Zig:7    | Identified the +4 quarterstaff of Risk Management {flame,
                  | *Slow rElec rCorr Dex+5}
 61791 | Zig:8    | Entered Level 8 of a ziggurat
 61799 | Zig:8    | Noticed Veludom the pandemonium lord
 61799 | Zig:8    | Noticed Onle the pandemonium lord
 61801 | Zig:8    | Noticed Kiuko the pandemonium lord
 61802 | Zig:8    | Killed Kiuko the pandemonium lord
 61808 | Zig:8    | Killed Veludom the pandemonium lord
 61810 | Zig:8    | Killed Onle the pandemonium lord
 61878 | Zig:8    | Identified the staff of earth "Ril Ufaff" {Int+5 Dex-3}
 61879 | Zig:8    | Identified the ring "Udghonk" {rC+ Str+5 Dex+6}
 61892 | Zig:9    | Entered Level 9 of a ziggurat
 61942 | Zig:9    | Identified the +7 scimitar of Descent {drain, Drain rCorr
                  | MP-9 Dex+8}
 61953 | Zig:10   | Entered Level 10 of a ziggurat
 61966 | Zig:10   | Reached skill level 5 in Shields
 62003 | Zig:10   | Identified the staff of air "Ixturue" {rElec rF- rN+ SInv}
 62012 | Zig:11   | Entered Level 11 of a ziggurat
 62027 | Zig:11   | Noticed a dread lich
 62028 | Zig:11   | Killed a dread lich
 62037 | Zig:11   | Identified the +2 cloak of the Merchant {Dex+3}
 62063 | Zig:11   | Got Ymeptet's Codex of the Remoulded Geologist
 62067 | Zig:11   | Identified the +2 helmet of Purpose {rElec rPois Str+2
                  | Int+2}
 62087 | Zig:12   | Entered Level 12 of a ziggurat
 62172 | Zig:12   | Identified the ring "Biaxe" {Ice Will+ Str-3 Stlth+}
 62185 | Zig:13   | Entered Level 13 of a ziggurat
 62198 | Zig:13   | Noticed an ancient lich
 62200 | Zig:13   | Killed an ancient lich
 62263 | Zig:13   | Reached skill level 27 in Conjurations
 62390 | Zig:13   | Learned a level 9 spell: Shatter
 62401 | Zig:13   | Learned a level 9 spell: Polar Vortex
 62411 | Zig:13   | Learned a level 9 spell: Shatter
 62412 | Zig:14   | Entered Level 14 of a ziggurat
 62429 | Zig:14   | Reached skill level 1 in Earth Magic
 62463 | Zig:14   | Found the +8 storm bow {elec, penet}
 62472 | Zig:14   | Identified the +3 flail "Belikk" {drain, rC+ MP+9 Dex-2}
 62485 | Zig:14   | Identified the ring of Def Weikh {rN++ AC+4 Str-3 Dex+2}
 62490 | Zig:14   | Identified the staff of earth "Tukloe" {rC+ rN+ Str+4}
 62527 | Zig:15   | Entered Level 15 of a ziggurat
 62535 | Zig:15   | Noticed a royal mummy
 62538 | Zig:15   | Killed a royal mummy
 62538 | Zig:15   | Noticed a royal mummy
 62539 | Zig:15   | Noticed a royal mummy
 62540 | Zig:15   | Noticed a royal mummy
 62541 | Zig:15   | Noticed a royal mummy
 62542 | Zig:15   | Noticed a royal mummy
 62544 | Zig:15   | Killed a royal mummy
 62675 | Zot:1    | Entered Level 1 of the Realm of Zot
 62733 | Zot:1    | Reached skill level 5 in Earth Magic
 63451 | Zot:1    | Found the +8 longbow "Zephyr" {speed, Dex+3 SInv}
 63479 | Zot:1    | Identified the ring of Activism {rF+ Str-3 Int+10 SInv}
 64761 | Zot:3    | You fall into a shaft and drop 1 floor!
 64940 | Zot:3    | Noticed Grunn
 64946 | Zot:3    | Killed Grunn
 64964 | Zot:3    | Identified the +7 spear of Red Wine {heavy, Int+9}
 66054 | Zot:4    | Reached skill level 10 in Earth Magic
 66110 | Zot:4    | Noticed an orb of fire
 66114 | Zot:4    | Killed an orb of fire
 66732 | Zot:4    | Identified the +10 double sword "Fivveq" {vamp, Dex+3}
 66737 | Zot:4    | Identified the +8 double sword of Nivab {heavy, rCorr Int+3
                  | Dex+2}
 67632 | Vaults:5 | Entered Level 5 of the Vaults
 68052 | Vaults:5 | Noticed a dread lich
 68054 | Vaults:5 | Killed a dread lich
 68356 | Vaults:5 | Identified the +3 short sword of the Reasonable God {chaos,
                  | rPois rN+ rCorr Stlth+}
 68357 | Vaults:5 | Identified the +1 cloak "Ukkola Xaki" {Rampage Regen+
                  | Int-4}
 68428 | Vaults:5 | Identified the +3 great mace of Bukaegil {flame, rF++ Will-
                  | Int+3 SInv}
 68688 | Vaults:5 | Identified the ring "Doikkian" {rC+ Will+}
 68691 | Vaults:5 | Identified the +11 great sword of the Middle {drain, Str+3}
 68691 | Vaults:5 | Identified the ring of the Seven Ultimatums {rPois rF++
                  | rCorr Dex-2}
 68760 | Vaults:5 | Identified the ring of Perfectionism {rCorr EV+5} (You took
                  | it off an orc warrior on level 5 of the Vaults)
 69339 | Vaults:5 | Got a silver rune of Zot
 69663 | Depths:3 | Voluntarily entered the Abyss.
 70089 | Abyss:4  | Found a blossoming altar of Fedhas.
 70105 | Abyss:4  | Found a corrupted altar of Lugonu.
 70108 | Abyss:4  | Found a corrupted altar of Lugonu.
 70108 | Abyss:4  | Found a corrupted altar of Lugonu.
 70289 | Abyss:4  | Found a corrupted altar of Lugonu.
 70429 | Abyss:4  | Found a corrupted altar of Lugonu.
 70642 | Abyss:4  | Noticed a dread lich
 70649 | Abyss:4  | Killed a dread lich
 70653 | Depths:3 | Escaped the Abyss
 70894 | Depths:3 | Voluntarily entered the Abyss.
 70987 | Abyss:4  | Found a corrupted altar of Lugonu.
 71004 | Abyss:4  | Got an abyssal rune of Zot
 71163 | Depths:3 | Escaped the Abyss
 71194 | Depths:3 | Acquired 1100 gold pieces
 71198 | Depths:3 | Acquired a manual of Long Blades
 71202 | Depths:3 | Acquired the +2 helmet of the Equator {rN+ Int+4}
 71314 | Pan      | Entered Pandemonium
 71480 | Pan      | Got a demonic rune of Zot
 71496 | Pan      | Noticed Ycya the pandemonium lord
 71514 | Pan      | Noticed Aphuofut the pandemonium lord
 71523 | Pan      | Killed Aphuofut the pandemonium lord
 71531 | Pan      | Noticed Mennas
 71533 | Pan      | Killed Mennas
 71584 | Pan      | Found an exit through the horrors of the Abyss.
 71600 | Pan      | Identified the +3 flail of Faihepta {heavy, rPois}
 71852 | Pan      | Reached skill level 15 in Earth Magic
 71869 | Pan      | Noticed Satext the pandemonium lord
 71874 | Pan      | Killed Satext the pandemonium lord
 72075 | Pan      | Entered the realm of Mnoleg.
 72140 | Pan      | Identified the +4 chain mail of Twilight {rC+ Dex+5 Slay-6}
 72300 | Pan      | Noticed Mnoleg
 72305 | Pan      | Killed Mnoleg
 72704 | Pan      | Got a glowing rune of Zot
 72886 | Pan      | Found an exit through the horrors of the Abyss.
 72917 | Pan      | Found a transporter.
 73065 | Pan      | Found a transporter.
 73236 | Pan      | Identified the +0 steam dragon scales of Soft Satisfaction
                  | {Slay+4}
 73256 | Pan      | Identified the amulet "Sah Ydipt" {RegenMP Contam Harm rC+}
 73262 | Pan      | Identified the amulet "Kihih" {Reflect rPois Dex+2 SH+5}
 73571 | Pan      | Entered the realm of Lom Lobon.
 73627 | Pan      | Found an exit through the horrors of the Abyss.
 73724 | Pan      | Reached skill level 1 in Ice Magic
 75199 | Pan      | Noticed Lom Lobon
 75260 | Pan      | Killed Lom Lobon
 75334 | Pan      | Got a magical rune of Zot
 75487 | Pan      | Reached skill level 5 in Ice Magic
 75599 | Pan      | Found an exit through the horrors of the Abyss.
 75705 | Pan      | Noticed Hobac the pandemonium lord
 75714 | Pan      | Killed Hobac the pandemonium lord
 76137 | Pan      | Found an exit through the horrors of the Abyss.
 76157 | Pan      | Found a runed translucent door.
 76217 | Pan      | Entered the realm of Gloorx Vloq.
 76532 | Pan      | Noticed Gloorx Vloq
 76538 | Pan      | Killed Gloorx Vloq
 76582 | Pan      | Got a dark rune of Zot
 76734 | Pan      | Entered the realm of Cerebov.
 76734 | Pan      | Found the +6 sword of Cerebov {flame}
 76734 | Pan      | Noticed Cerebov
 76909 | Pan      | Reached skill level 10 in Ice Magic
 77725 | Pan      | Identified the ring of the Two Names {rElec rN++ Will+
                  | Slay+4}
 78288 | Pan      | Found an exit through the horrors of the Abyss.
 78785 | Pan      | Identified the +4 shortbow of Xoecvae {heavy, rElec Int-2
                  | Dex+7 Stlth+}
 78812 | Pan      | Identified the staff of death "Hijeles" {rF+++ rN+ Will+++
                  | Int-2 Stlth-}
 78815 | Pan      | Identified the amulet "Josmota" {RegenMP Harm rElec Int+9
                  | Slay-3}
 78836 | Pan      | Identified the ring "Moosch" {AC+4 Dex+4 Stlth+}
 78856 | Pan      | Identified the +3 leather armour of Proximity {rF++ Regen+
                  | Str-4 Int-4}
 78859 | Pan      | Got a fiery rune of Zot
 78860 | Pan      | Identified the ring of Xom's Recklessness {rPois rF- MP+9
                  | Dex+3}
 78978 | Depths:2 | Escaped Pandemonium
 79052 | Geh:1    | Entered Level 1 of Gehenna
 79576 | Geh:2    | Reached skill level 15 in Ice Magic
 80024 | Geh:3    | Noticed an ancient lich
 80026 | Geh:3    | Noticed a dread lich
 80027 | Geh:3    | Killed an ancient lich
 80028 | Geh:3    | Killed a dread lich
 80050 | Geh:3    | Noticed a dread lich
 80057 | Geh:3    | Killed a dread lich
 80147 | Geh:3    | Noticed an ancient lich
 80154 | Geh:3    | Killed an ancient lich
 80158 | Geh:3    | Noticed an ancient lich
 80160 | Geh:3    | Killed an ancient lich
 80164 | Geh:3    | Noticed a dread lich
 80167 | Geh:3    | Killed a dread lich
 80178 | Geh:3    | Noticed a dread lich
 80179 | Geh:3    | Killed a dread lich
 80380 | Geh:4    | Reached skill level 27 in Spellcasting
 80877 | Geh:5    | Noticed a dread lich
 80882 | Geh:5    | Killed a dread lich
 81370 | Geh:7    | Entered Level 7 of Gehenna
 81376 | Geh:7    | HP: 7/230 [searing wretch (20)]
 81376 | Geh:7    | HP: 3/230 [searing wretch (4)]
 83406 | Geh:7    | Identified the +8 rapier of the Little People {heavy,
                  | rCorr}
 83415 | Geh:7    | Identified the +6 falchion of Foul Odours {flame, rElec
                  | Will++}
 83417 | Geh:7    | Identified the staff of conjuration "Wukhazut" {rC+ Int+2}
 84020 | Geh:7    | Found the +13 sceptre of Asmodeus
 84020 | Geh:7    | Noticed Asmodeus
 84051 | Geh:7    | Killed Asmodeus
 84316 | Geh:7    | Got an obsidian rune of Zot
 84580 | Tar:1    | Entered Level 1 of Tartarus
 86975 | Tar:7    | Entered Level 7 of Tartarus
 87330 | Tar:7    | Noticed Ereshkigal
 87363 | Tar:7    | Killed Ereshkigal
 87468 | Tar:7    | Got a bone rune of Zot
 87657 | Dis:1    | Entered Level 1 of the Iron City of Dis
 87903 | Dis:2    | Found a huge runed gate.
 87903 | Dis:2    | Found a huge runed gate.
 87903 | Dis:2    | Found a huge runed gate.
 87903 | Dis:2    | Found a huge runed gate.
 87904 | Dis:2    | Found a huge runed gate.
 87905 | Dis:2    | Found a huge runed gate.
 87905 | Dis:2    | Found a huge runed gate.
 87907 | Dis:2    | Found a huge runed gate.
 87913 | Dis:2    | Found a huge runed gate.
 87915 | Dis:2    | Found a huge runed gate.
 87934 | Dis:2    | Found a huge runed gate.
 87934 | Dis:2    | Found a huge runed gate.
 87934 | Dis:2    | Found a huge runed gate.
 87934 | Dis:2    | Found a huge runed gate.
 87934 | Dis:2    | Found a huge runed gate.
 87934 | Dis:2    | Found a huge runed gate.
 87934 | Dis:2    | Found a huge runed gate.
 87938 | Dis:2    | Found a huge runed gate.
 87940 | Dis:2    | Found a huge runed gate.
 87940 | Dis:2    | Found a huge runed gate.
 88004 | Dis:3    | You fall into a shaft and drop 1 floor!
 88030 | Dis:5    | Noticed a dread lich
 88030 | Dis:5    | Noticed a dread lich
 88031 | Dis:5    | Noticed a royal mummy
 88032 | Dis:5    | Noticed a royal mummy
 88032 | Dis:5    | Noticed a royal mummy
 88033 | Dis:5    | Killed a dread lich
 88033 | Dis:5    | Killed a royal mummy
 88033 | Dis:5    | Killed a royal mummy
 88033 | Dis:5    | Killed a dread lich
 88033 | Dis:5    | Noticed a royal mummy
 88035 | Dis:5    | Killed a royal mummy
 88036 | Dis:5    | Killed a royal mummy
 88251 | Dis:6    | Found a huge runed gate.
 88251 | Dis:6    | Found a huge runed gate.
 88251 | Dis:6    | Found a huge runed gate.
 88251 | Dis:6    | Found a huge runed gate.
 88251 | Dis:6    | Found a huge runed gate.
 88251 | Dis:6    | Found a huge runed gate.
 88251 | Dis:6    | Found a huge runed gate.
 88253 | Dis:6    | Found a huge runed gate.
 88279 | Dis:6    | Found a huge runed gate.
 88279 | Dis:6    | Found a huge runed gate.
 88279 | Dis:6    | Found a huge runed gate.
 88280 | Dis:6    | Found a huge runed gate.
 88281 | Dis:6    | Found a huge runed gate.
 88282 | Dis:6    | Found a huge runed gate.
 88283 | Dis:6    | Found a huge runed gate.
 88284 | Dis:6    | Found a huge runed gate.
 88285 | Dis:6    | Found a huge runed gate.
 88287 | Dis:6    | Found a huge runed gate.
 88288 | Dis:6    | Found a huge runed gate.
 88289 | Dis:6    | Found a huge runed gate.
 88297 | Dis:6    | Found a huge runed gate.
 88297 | Dis:6    | Found a huge runed gate.
 88297 | Dis:6    | Found a huge runed gate.
 88297 | Dis:6    | Found a huge runed gate.
 88297 | Dis:6    | Found a huge runed gate.
 88318 | Dis:6    | Found a huge runed gate.
 88318 | Dis:6    | Found a huge runed gate.
 88318 | Dis:6    | Found a huge runed gate.
 88358 | Dis:6    | Found a huge runed gate.
 88359 | Dis:6    | Found a huge runed gate.
 88360 | Dis:6    | Found a huge runed gate.
 88361 | Dis:6    | Found a huge runed gate.
 88375 | Dis:6    | Found a huge runed gate.
 88391 | Dis:6    | Found a huge runed gate.
 88392 | Dis:6    | Found a huge runed gate.
 88393 | Dis:6    | Found a huge runed gate.
 88458 | Dis:7    | Entered Level 7 of the Iron City of Dis
 89129 | Dis:7    | Noticed Dispater
 89135 | Dis:7    | Killed Dispater
 89619 | Dis:7    | Got an iron rune of Zot
 89622 | Dis:7    | Identified the +8 spear "Sivvoata" {antimagic, *Slow Will+
                  | Str+2 Int+3}
 89729 | Coc:1    | Entered Level 1 of Cocytus
 90278 | Coc:3    | You fall into a shaft and drop 2 floors!
 90420 | Coc:7    | Entered Level 7 of Cocytus
 91465 | Coc:7    | Paralysed by a wendigo for 1 turns
 91872 | Coc:7    | Identified the orb of the Neverending Knaves {guile, MP+9
                  | Str+3}
 91872 | Coc:7    | Noticed Antaeus
 91884 | Coc:7    | Killed Antaeus
 92023 | Coc:7    | Identified the +6 hand axe of Beyond {heavy, Fly rElec
                  | Int+4 Dex-5}
 92047 | Coc:7    | Got an icy rune of Zot
 92084 | Coc:7    | Identified the +4 morningstar of the Undead {heavy, rN++
                  | Str+3}
 92105 | Coc:7    | Got Icricedd's Octavo of the Shot
 92643 | Crypt:3  | Learned a level 8 spell: Lehudib's Crystal Spear
 92645 | Tomb:1   | Entered Level 1 of the Tomb of the Ancients
 93046 | Tomb:1   | Reached skill level 27 in Fighting
 93097 | Tomb:1   | Noticed a royal mummy
 93097 | Tomb:1   | Noticed a royal mummy
 93099 | Tomb:1   | Noticed a royal mummy
 93103 | Tomb:1   | Killed a royal mummy
 93104 | Tomb:1   | Killed a royal mummy
 93116 | Tomb:1   | Killed a royal mummy
 93117 | Tomb:1   | Noticed a royal mummy
 93120 | Tomb:1   | Killed a royal mummy
 93122 | Tomb:1   | Noticed a royal mummy
 93124 | Tomb:1   | Killed a royal mummy
 93125 | Tomb:1   | Noticed a royal mummy
 93308 | Tomb:1   | Noticed a royal mummy
 93310 | Tomb:1   | Killed a royal mummy
 93310 | Tomb:1   | Killed a royal mummy
 93344 | Tomb:1   | Noticed a royal mummy
 93348 | Tomb:1   | Killed a royal mummy
 93592 | Tomb:1   | Noticed a royal mummy
 93599 | Tomb:1   | Killed a royal mummy
 93661 | Tomb:1   | Noticed a royal mummy
 93664 | Tomb:1   | Killed a royal mummy
 93744 | Tomb:1   | Noticed a royal mummy
 93746 | Tomb:1   | Killed a royal mummy
 93795 | Tomb:1   | Noticed a royal mummy
 93795 | Tomb:1   | Noticed a royal mummy
 93798 | Tomb:1   | Killed a royal mummy
 93798 | Tomb:1   | Killed a royal mummy
 93931 | Tomb:1   | Noticed a royal mummy
 93936 | Tomb:1   | Killed a royal mummy
 94230 | Tomb:2   | Noticed a royal mummy
 94231 | Tomb:2   | Noticed a royal mummy
 94231 | Tomb:2   | Noticed a royal mummy
 94233 | Tomb:2   | Killed a royal mummy
 94235 | Tomb:2   | Killed a royal mummy
 94238 | Tomb:2   | Killed a royal mummy
 94251 | Tomb:2   | Noticed a royal mummy
 94258 | Tomb:2   | Killed a royal mummy
 94874 | Tomb:3   | Entered Level 3 of the Tomb of the Ancients
 94882 | Tomb:3   | Found the +3 pair of gauntlets of War {Slay+5}
 94888 | Tomb:3   | Noticed a royal mummy
 94889 | Tomb:3   | Noticed a royal mummy
 94892 | Tomb:3   | Killed a royal mummy
 94893 | Tomb:3   | Noticed a royal mummy
 94894 | Tomb:3   | Killed a royal mummy
 94894 | Tomb:3   | Noticed a royal mummy
 94895 | Tomb:3   | Noticed Boris
 94896 | Tomb:3   | Killed a royal mummy
 94897 | Tomb:3   | Killed a royal mummy
 94897 | Tomb:3   | Killed Boris
 95072 | Tomb:3   | Noticed a royal mummy
 95077 | Tomb:3   | Killed a royal mummy
 95090 | Tomb:3   | Noticed a royal mummy
 95093 | Tomb:3   | Killed a royal mummy
 95198 | Tomb:3   | Identified the staff of death "Roamopus" {rN+ Will+ Str-3
                  | Dex+3 Stlth+}
 95267 | Tomb:3   | Found the +5 robe of Night {Dark Will+ SInv}
 95279 | Tomb:3   | Identified the staff of conjuration "Veitoe" {Will+ Dex+4}
 95283 | Tomb:3   | Identified the +1 ring mail of the Pink Corner {Str+3}
 95291 | Tomb:3   | Identified the amulet "Jitue" {Reflect Int+3 SH+5}
 95292 | Tomb:3   | Identified the +3 short sword of Oretzuko {pain, rCorr}
 95307 | Tomb:3   | Identified the +11 falchion of Jubil {freeze, *Slow rC+
                  | Will+ Int+4}
 95318 | Tomb:3   | Identified the staff of poison "Vofebocu" {rPois Will+}
 95387 | Tomb:3   | Noticed a royal mummy
 95388 | Tomb:3   | Noticed a royal mummy
 95390 | Tomb:3   | Killed a royal mummy
 95390 | Tomb:3   | Noticed a royal mummy
 95391 | Tomb:3   | Killed a royal mummy
 95393 | Tomb:3   | Killed a royal mummy
 95500 | Tomb:3   | Got a golden rune of Zot
 96009 | Zig:1    | Entered Level 1 of a ziggurat
 96028 | Zig:2    | Entered Level 2 of a ziggurat
 96064 | Zig:3    | Entered Level 3 of a ziggurat
 96070 | Zig:3    | Reached skill level 1 in Staves
 96089 | Zig:4    | Entered Level 4 of a ziggurat
 96136 | Zig:5    | Entered Level 5 of a ziggurat
 96160 | Zig:5    | Identified the ring "Rytisix" {rC- Will+ Int+3 Dex+2
                  | Slay+4}
 96171 | Zig:5    | Identified the +5 halberd of Arrival {spect, Dex+3}
 96178 | Zig:6    | Entered Level 6 of a ziggurat
 96214 | Zig:6    | Identified the +4 battleaxe "Juisiy" {flame, *Slow rF+
                  | Int+6 Dex-5}
 96220 | Zig:7    | Entered Level 7 of a ziggurat
 96226 | Zig:7    | Noticed Ossium the pandemonium lord
 96231 | Zig:7    | Killed Ossium the pandemonium lord
 96232 | Zig:7    | Reached skill level 10 in Shields
 96263 | Zig:7    | Identified the staff of earth "Petukh" {rF+ rCorr Int+3
                  | Stlth+}
 96268 | Zig:7    | Identified the ring "Kewop" {rC+++ MP+9 Str+5 Stlth-}
 96282 | Zig:8    | Entered Level 8 of a ziggurat
 96335 | Zig:9    | Entered Level 9 of a ziggurat
 96370 | Zig:9    | Identified the staff of cold "Ciejiupt" {rC+ rCorr}
 96375 | Zig:9    | Identified the +4 mace "Morghodgh" {protect, Fragile Will+
                  | Int+4}
 96389 | Zig:9    | Identified the ring "Imuycuh" {rC++ EV+5}
 96410 | Zig:10   | Entered Level 10 of a ziggurat
 96417 | Zig:10   | Noticed a dread lich
 96420 | Zig:10   | Noticed a dread lich
 96420 | Zig:10   | Killed a dread lich
 96421 | Zig:10   | Reached skill level 5 in Staves
 96422 | Zig:10   | Killed a dread lich
 96436 | Zig:10   | Found the +8 trishula "Condemnation" {holy, anguish, *Noise
                  | Fly rN+}
 96455 | Zig:10   | Identified the +9 short sword "Zeguhoj" {venom, Str+2}
 96468 | Zig:11   | Entered Level 11 of a ziggurat
 96475 | Zig:11   | Noticed a juggernaut
 96475 | Zig:11   | Noticed a juggernaut
 96477 | Zig:11   | Killed a juggernaut
 96478 | Zig:11   | Killed a juggernaut
 96501 | Zig:11   | Identified the ring "Amnoleor" {Fly rElec MP+9 Slay+4
                  | Stlth-}
 96509 | Zig:11   | Identified the +3 quarterstaff "Dejon" {distort, Dex+3}
 96510 | Zig:11   | Identified the staff of cold "Rimymatwa" {rF+ rC+ Will-
                  | rCorr Int+3}
 96515 | Zig:12   | Entered Level 12 of a ziggurat
 96544 | Zig:12   | Identified the amulet "Juben" {Faith +Blink Dex+3}
 96553 | Zig:12   | Identified the +3 short sword "Koha" {speed, rElec Will+}
 96573 | Zig:13   | Entered Level 13 of a ziggurat
 96627 | Zig:13   | Identified the amulet "Neigyfekh" {Faith Rampage MP-9 Dex+6
                  | Stlth+}
 96643 | Zig:13   | Identified the +2 pair of boots of Wep Hont {rC+ Str+5}
 96644 | Zig:13   | Identified the staff of conjuration "Rogafuli" {Str+3}
 96648 | Zig:13   | Identified the ring of Bifatuok {Contam MP+9 Str+3 Int+6}
 96653 | Zig:14   | Entered Level 14 of a ziggurat
 96660 | Zig:14   | Paralysed by a floating eye for 4 turns
 96672 | Zig:14   | Noticed an orb of fire
 96673 | Zig:14   | Noticed an orb of fire
 96678 | Zig:14   | Killed an orb of fire
 96678 | Zig:14   | Killed an orb of fire
 96678 | Zig:14   | Noticed an orb of fire
 96678 | Zig:14   | Noticed an orb of fire
 96691 | Zig:14   | Killed an orb of fire
 96692 | Zig:14   | Killed an orb of fire
 96782 | Zig:14   | Identified the +6 chain mail of Spite {*Corrode rN+ Dex+4
                  | Stlth+}
 96802 | Zig:15   | Entered Level 15 of a ziggurat
 96842 | Zig:15   | Identified the staff of cold "Ditirixt" {rC+ rN+ Int+3
                  | Stlth+}
 96843 | Zig:15   | Identified the ring of Ivaruel {rElec rC+ rCorr SInv}
 96850 | Zig:16   | Entered Level 16 of a ziggurat
 96924 | Zig:16   | Identified the +1 scale mail of the Hidden Lives {Stlth+}
 97025 | Zot:5    | Entered Level 5 of the Realm of Zot
 97048 | Zot:5    | Reached skill level 10 in Staves
 97913 | Zot:5    | Noticed an ancient lich
 97916 | Zot:5    | Killed an ancient lich
 98035 | Zot:5    | Noticed an ancient lich
 98037 | Zot:5    | Killed an ancient lich
 98221 | Zot:5    | Noticed an orb of fire
 98224 | Zot:5    | Killed an orb of fire
 98451 | Zot:5    | Noticed an orb of fire
 98456 | Zot:5    | Noticed an orb of fire
 98456 | Zot:5    | Noticed an ancient lich
 98459 | Zot:5    | Killed an ancient lich
 98461 | Zot:5    | Killed a dread lich
 98462 | Zot:5    | Killed an orb of fire
 98485 | Zot:5    | Gained mutation: You occasionally shout uncontrollably at
                  | your foes. [mutagenic glow]
 98631 | Zot:5    | Noticed an ancient lich
 98632 | Zot:5    | Killed an ancient lich
 98636 | Zot:5    | Noticed an ancient lich
 98638 | Zot:5    | Killed an ancient lich
 98638 | Zot:5    | Noticed a dread lich
 98639 | Zot:5    | Killed a dread lich
 98659 | Zot:5    | Noticed an ancient lich
 98661 | Zot:5    | Killed an ancient lich
 98674 | Zot:5    | Reached skill level 10 in Armour
 98679 | Zot:5    | Noticed an ancient lich
 98681 | Zot:5    | Killed an ancient lich
 98690 | Zot:5    | Killed an orb of fire
 98823 | Zot:5    | Got the Orb of Zot
 98834 | Zot:5    | Noticed Ricvuilom the pandemonium lord
 98837 | Zot:5    | Killed Ricvuilom the pandemonium lord
 99428 | D:4      | Gained mutation: You frequently scream uncontrollably at
                  | your foes. [a neqoxec]
 99447 | D:4      | Noticed Gajo Uti the pandemonium lord
 99518 | D:1      | Noticed Pugeschuma the pandemonium lord
 99524 | D:1      | Killed Pugeschuma the pandemonium lord
 99546 | D:$      | Escaped with the Orb!

Illustrated notes

Levels and vault maps discovered:
D:1:      heliophobic_arrival_battle_scene, layout_rooms, minmay_statues_item
D:2:      layout_rooms, chequers_ecumenical_altar_island
D:3:      layout_loops_ring, serial_shops, nicolae_shop_just_a_little_nook
D:4:      layout_basic, grunt_temple_overflow_open, uniq_natasha, uniq_sigmund
D:5:      layout_cave_pools
D:6:      layout_basic, minmay_temple_entry_sparse_star, gup_sewer_entry_bowl
D:7:      layout_cave_pods, nicolae_gozag_seed_capital,
          gammafunk_ghost_stat_death, nicolae_concentric_dashed_squares_mild,
          minmay_misc_feat_roman, chequers_serial_rivers_micro_a
D:8:      layout_rooms, gammafunk_ghost_berserking_beasts, minivault_24,
          minmay_radiant
D:9:      minmay_the_grid_square_5x5_4x4 [minmay_the_grid_square_5x5_gyroscope,
          minmay_the_grid_square_5x5_two_walls_a,
          minmay_the_grid_square_5x5_inset, minmay_the_grid_square_5x5_c,
          minmay_the_grid_square_5x5_eight_small,
          minmay_the_grid_square_5x5_prize_deathbox,
          minmay_the_grid_square_5x5_prize_itemx,
          minmay_the_grid_square_5x5_hourglass,
          minmay_the_grid_square_5x5_one_wall,
          minmay_the_grid_square_5x5_prize_junk,
          minmay_the_grid_square_5x5_prize_pseudospiral,
          minmay_the_grid_square_5x5_detours,
          minmay_the_grid_square_5x5_shrine1,
          minmay_the_grid_square_5x5_inner_i, minmay_the_grid_square_5x5_bite,
          minmay_the_grid_square_5x5_almost_minimal], layout_layer_cave,
          chequers_temple_overflow_minitemple, serial_shops,
          nicolae_shop_pleasant_corner_grove
D:10:     layout_basic, mainiacjoe_overflow_large_starburst,
          reono_crystal_passage, uniq_joseph
D:11:     lemuel_ice_statue, layout_irregular_city, lair_entry_dummy,
          gammafunk_ghost_hydra_chop
D:12:     layout_roguey, david_orc_3, minivault_15, minivault_25,
          minmay_misc_feat_cross
D:13:     layout_irregular_city, david_vaults_3
D:14:     lemuel_ice_spiral_2, layout_stronghold, chequers_arboretum,
          portal_ice_cave_entry_frozen_things, kennysheep_small_spiral
D:15:     grunt_enter_depths_magical_seal, layout_irregular_city,
          lemuel_coloured_pillars_altar
Lair:1:   layout_big_grid, serial_bayou, serial_bayou_lagoon_a,
          serial_bayou_pond_b, serial_bayou_pond_c, serial_bayou_pond_d,
          gammafunk_ghost_icy, lemuel_altar_in_water2, uniq_amaemon,
          uniq_gastronok
Lair:2:   layout_cellular_growth, shoals_dummy_entry, grunt_megastairs_1
Lair:3:   nzn_winding_woodlands_stair_cross [nzn_winding_woodlands_5x15_zeroes,
          nzn_winding_woodlands_center_triple_pond,
          nzn_winding_woodlands_5x15_cabin, nzn_winding_woodlands_5x5_cross,
          nzn_winding_woodlands_hourglass,
          nzn_winding_woodlands_5x15_sidewinder,
          nzn_winding_woodlands_center_diamonds,
          nzn_winding_woodlands_5x15_default], layout_regular_city,
          dummy_spider_entry, lightli_volcano_entry_magma_tube
Lair:4:   layout_misc_corridors, minmay_slime_entry_jelly_boxes, ldierk_geyser
Lair:5:   evilmike_catoblepas_cave, layout_concentric_octagons,
          gammafunk_ghost_ooze, lemuel_old_faithful
Shoals:1: layout_shoals, serial_shops, shop, uniq_kirke
Shoals:2: layout_shoals
Shoals:3: layout_shoals
Shoals:4: shoals_end_simple, layout_shoals, abandoned_shop
Spider:1: layout_chambers, nicolae_spider_checkerboard,
          hangedman_spider_tarantella_strand
Spider:2: layout_spider_delve
Spider:3: nicolae_spider_mines_2, nicolae_spider_nook
Spider:4: grunt_spider_rune_island, nicolae_spider_altar_of_dancing
Slime:1:  layout_caves, nicolae_slime_barrier
Slime:2:  layout_caves
Slime:3:  layout_caves
Slime:4:  layout_caves
Slime:5
Orc:1:    layout_caves, nicolae_orc_rockfall, nicolae_orc_lava_room
Orc:2:    st_orc_mages, layout_diamond_mine, basic_altar, gammafunk_ghost_split,
          uniq_josephine, uniq_sonja
Elf:1:    nicolae_elf_arrival_no_cutting_in_line, layout_gridlike, serial_shops,
          nicolae_shop_advertising_works [nicolae_subvault_shop_adworks],
          minmay_elf_sorcery, minmay_misc_feat_rows, grunt_ministairs_15,
          corexii_hall_statues_s, uniq_donald
Elf:2:    elven_hall_of_blades_hangedman_original
          [nicolae_blade_entry_antechamber], layout_onion_city, serial_shops,
          shop
Elf:3:    minmay_elf_hall_spiked, layout_loops_corners, uniq_mara
Vaults:1: nicolae_vaults_back_hallway, v_misc_5, ontoclasm_vaults_ring_square,
          hangedman_vaults_river_flow, nicolae_vaults_shelves_hall,
          vaults_room_door_ring, nicolae_vaults_mitosis, vaults_dpeg_diagonal,
          ontoclasm_vaults_gateway, v_misc_9, layout_vaults_chaotic_city,
          uniq_asterion
Vaults:2: nicolae_vaults_closet_pinwheel_2, v_misc_11, v_misc_5,
          nicolae_vaults_three_branches, vaults_mumra_chevron_long,
          nicolae_vaults_little_squares_2, vaults_mumra_lcd,
          nicolae_vaults_shipping_containers_4, layout_vaults_quadrants,
          serial_shops, shop
Vaults:3: nicolae_vaults_apartment_2, vaults_room_semicircle,
          grunt_vaults_twisty, minmay_crypt_entry_necro_gods,
          ontoclasm_vaults_loading_screen, nicolae_vaults_house_1,
          vaults_room_hallway, vaults_room_door_ring,
          nicolae_vaults_disjoint_gnomons, grunt_vaults_trifunnel,
          vaults_standard_mumra_lines, vaults_room_ringed_pool,
          nicolae_vaults_weapon_check, layout_vaults_big_cross, uniq_nikola
Vaults:4: v_pattern_2, nicolae_vaults_rhombus_6, vaults_mumra_hex,
          nicolae_vaults_layer_cake_slice, v_misc_13,
          nicolae_vaults_surprise_closet, vaults_mumra_hexcomb,
          vaults_dpeg_hooks, v_misc_18, nicolae_vaults_tetromino_T_2,
          hangedman_vaults_trim, nicolae_vaults_tetromino_Z_1,
          nicolae_vaults_circle_grid_b, vaults_room_door_ring,
          nicolae_vaults_shipping_containers_7, layout_vaults_maze_bifur,
          serial_shops, nicolae_shop_crystal
Vaults:5
Crypt:1:  layout_basic, minivault_11, feat_on_display
Crypt:2:  layout_rooms, infiniplex_enter_wizlab_glasses
Crypt:3:  due_elkab, layout_chaotic_city, tomb_entry_forgotten_bobbens,
          lemuel_hellish_altar
Tomb:1
Tomb:2
Tomb:3:   uniq_boris
Depths:1: minmay_split_circle, layout_basic, enter_ziggurat_c, pan_entry,
          hell_entry, basic_altar, elyvilon_altar_1
Depths:2: minmay_distorted_concentric_squares, layout_long_grid,
          serial_sigils_hangedman_scratch, grunt_metal_band, pan_entry
Depths:3: grunt_twist_and_shout, layout_cave_shapes, abyss_entry_flame_altar,
          grunt_hell_entry_dis_mu, nicolae_qazlal_style_of_elements
Depths:4: lemuel_castle_with_subvaults [lemuel_castle_interior_carwin_2],
          layout_gridville, hell_entry, serial_nicolae_subway,
          nicolae_sub_station_stone, nicolae_sub_station_crystal,
          nicolae_sub_station_metal, grunt_megastairs_4
Hell
Dis:1:    layout_subdivisions, nicolae_dis_having_a_grate_time
Dis:2:    layout_jigsaw, door_vault
Dis:3:    layout_subdivisions
Dis:4:    layout_subdivisions
Dis:5:    layout_regular_city, lemuel_mystery_crypt
Dis:6:    layout_regular_city, not_door_vault_due
Dis:7:    iron_city_of_dis [dis_grunt, dis_wall_6], layout_gridville,
          nicolae_dis_scattering
Geh:1:    nicolae_geh_erupted_tower, layout_gehenna_pools_triple
Geh:2:    layout_gehenna_pools_basic, nicolae_geh_lava_shack
Geh:3:    layout_gehenna_lava_caves, nicolae_hells_leichenhalle
Geh:4:    layout_gehenna_pools_basic
Geh:5:    layout_gehenna_lava_caves
Geh:6:    layout_gehenna_lava_caves, lemuel_flamethrower_3
Geh:7:    evilmike_geh
Coc:1:    layout_ice_bergs
Coc:2:    layout_ice_bergs
Coc:3:    layout_ice_bergs
Coc:5:    layout_ice_bergs
Coc:6:    layout_cocytus_delve
Coc:7:    coc_grunt_cove [coc_grunt_cove_antaeus, coc_grunt_cove_fiend,
          coc_grunt_cove_fiend, coc_grunt_cove_fiend, coc_grunt_cove_fiend]
Tar:1:    layout_catacombs, nicolae_tar_cuneiform_three
Tar:2:    layout_honeycomb
Tar:3:    layout_grid_maze
Tar:4:    layout_grid_maze
Tar:5:    layout_grid_maze, nicolae_tar_cuneiform_not
Tar:6:    layout_cathedral_of_symmetry, nicolae_tar_four_comb_rooms
Tar:7:    tar_mu [tar_mu_maze]
Zot:1:    layout_basic, st_stairs_10, st_small_dragon_hoard_1
Zot:2:    nicolae_zot_stationary_front, layout_concentric_octagons
Zot:3:    circus_mu, layout_basic, uniq_josephina, uniq_grunn
Zot:4:    layout_cathedral_of_symmetry, nicolae_rock_paper_scissors,
          grunt_megastairs_2
Zot:5:    layout_basic

Skill      XL: |  1  2  3  4  5  6  7  8  9 10 11 12 13 14 15 16 17 18 19 20 21 22 23 24 25 26 27 |
---------------+----------------------------------------------------------------------------------+-----
Spellcasting   | 3 4 5 6 8 9 10 11 12 14 15 16 17 19 20 21 22 23 27 | 27.0
Conjurations   | 5 6 7 8 9 11 12 14 16 17 18 19 20 21 22 23 24 25 26 27 | 27.0
Translocations | 1 3 4 6 8 |  8.1
Dodging        | 2 5 6 8 9 11 12 13 15 23 | 23.3
Armour         | 3 5 10 | 10.5
Fire Magic     | 3 5 6 8 11 12 14 15 17 18 24 | 24.4
Fighting       | 7 15 27 | 27.0
Shields        | 2 14 | 14.9
Earth Magic    | 24 | 24.3
Ice Magic      | 18 | 18.3
Staves         | 11 | 11.8
Stealth        | |  1.7

Action                     |  1- 3 |  4- 6 |  7- 9 | 10-12 | 13-15 | 16-18 | 19-21 | 22-24 | 25-27 || total
---------------------------+-------+-------+-------+-------+-------+-------+-------+-------+-------++-------
  Melee: Unarmed           |    37 |    12 |       |       |       |       |       |       |       ||    49
         Great sword       |       |       |    33 |       |       |       |       |       |       ||    33
         Staff             |       |       |    42 |    21 |     3 |     1 |     1 |     1 |    30 ||    99
         Punch             |       |       |     2 |       |       |       |       |       |       ||     2
         Kick              |       |       |       |       |       |     1 |     1 |     1 |    22 ||    25
   Cast: Magic Dart        |    86 |    80 |   197 |    94 |    52 |       |     7 |     2 |     2 ||   520
         Iskenderun's Myst |       |       |    50 |   202 |   215 |   166 |   123 |   109 |   422 ||  1287
         Fireball          |       |       |       |     7 |   267 |   572 |   476 |   162 |    29 ||  1513
         Orb of Destructio |       |       |       |       |    11 |    47 |   133 |    10 |    96 ||   297
         Fire Storm        |       |       |       |       |       |       |       |   340 |  1338 ||  1678
         Shatter           |       |       |       |       |       |       |       |       |   345 ||   345
         Polar Vortex      |       |       |       |       |       |       |       |       |    57 ||    57
         Lehudib's Crystal |       |       |       |       |       |       |       |       |     1 ||     1
  Evoke: Wand              |       |       |     2 |    11 |       |       |     1 |       |     9 ||    23
         Lightning rod     |       |       |       |       |       |       |       |       |     6 ||     6
         Figurine of a zig |       |       |       |       |       |       |       |       |     1 ||     1
    Use: Potion            |     1 |       |     2 |     5 |       |       |     1 |       |    36 ||    45
         Scroll            |       |     4 |     3 |     8 |    14 |       |     3 |     5 |    30 ||    67
   Stab: Sleeping          |       |       |       |     1 |       |       |       |       |       ||     1
         Distracted        |       |       |       |       |       |       |       |       |     1 ||     1
 Armour: Robe              |     8 |     1 |    53 |     1 |       |       |       |       |       ||    63
         Leather armour    |       |       |       |    45 |     9 |    19 |    10 |    24 |   147 ||   254
  Dodge: Dodged            |    36 |    12 |    71 |    88 |    41 |    47 |    52 |    53 |   419 ||   819
  Block: Other             |     5 |    12 |    88 |    46 |     8 |     8 |     8 |     8 |     3 ||   186
         Reflection        |       |       |     4 |     3 |       |       |       |       |    16 ||    23
         Buckler           |       |       |       |       |       |       |       |       |   264 ||   264
